Workbook
Name IQ_CH: 110000
Name IQ_CQ: 5000
Name IQ_CY: 10000
Name IQ_DAILY: 500000
Name IQ_FH: 100000
Name IQ_FQ: 500
Name IQ_FY: 1000
Name IQ_LTM: 2000
Name IQ_MONTH: 15000
Name IQ_NTM: 6000
Name IQ_WEEK: 50000
Name IQ_YTD: 3000

Sheet Contents
A4: 1 | B4: Income Statement
A5: 2 | B5: Balance Sheet
A6: 3 | B6: Cashflow Statement
A7: 4 | B7: Revenue and Margin
A8: 5 | B8: Revenue and Margin (effective 2025)
A9: 6 | B9: Non-GAAP
A10: 7 | B10: Other metrics

Sheet Income Statement
U1: Back
A4: Income Statement | B4: 2022 | C4: 2022 | D4: 2022 | E4: 2022 | F4: 2022 | G4: 2023 | H4: 2023 | I4: 2023 | J4: 2023 | K4: 2023 | L4: 2024 | M4: 2024 | N4: 2024 | O4: 2024 | P4: 2024 | Q4: 2025 | R4: 2025 | S4: 2025 | T4: 2025 | U4: 2025 | V4: 2026 | W4: 2026 | X4: 2026
A5: ($ in thousands, except per share amount) | B5: Q1 | C5: Q2 | D5: Q3 | E5: Q4 | F5: FY | G5: Q1 | H5: Q2 | I5: Q3 | J5: Q4 | K5: FY | L5: Q1 | M5: Q2 | N5: Q3 | O5: Q4 | P5: FY | Q5: Q1 | R5: Q2 | S5: Q3 | T5: Q4 | U5: FY | V5: Q1 | W5: Q2 | X5: Q3
A8: Revenue, net | B8: 329208 | C8: 346782 | D8: 361351 | E8: =+F8-SUM(B8:D8) -> 374703 | F8: 1412044 | G8: 400643 | H8: 404996 | I8: 410971 | J8: =+K8-SUM(G8:I8) -> 414058 | K8: 1630668 | L8: 436507 | M8: 448366 | N8: 472073 | O8: =P8-SUM(L8:N8) -> 481426 | P8: 1838372 | Q8: 501019 | R8: 514460 | S8: 529585 | T8: =U8-SUM(Q8:S8) -> 542615 | U8: 2087679 | V8: 570351 | W8: 594763 | X8: 633959
A9: Sequential Growth % | B9: 0.11411254 | C9: 0.053382664 | D9: 0.042011984 | E9: 0.036950223 | F9: NA | G9: =G8/E8-1 -> 0.069228162 | H9: =H8/G8-1 -> 0.010865034 | I9: =I8/H8-1 -> 0.014753232 | J9: =J8/I8-1 -> 0.0075114789 | K9: NA | L9: =L8/J8-1 -> 0.054217042 | M9: =M8/L8-1 -> 0.027167949 | N9: =N8/M8-1 -> 0.052874214 | O9: =O8/N8-1 -> 0.019812614 | P9: NA | Q9: =Q8/O8-1 -> 0.040697843 | R9: =R8/Q8-1 -> 0.026827326 | S9: =S8/R8-1 -> 0.029399759 | T9: =T8/S8-1 -> 0.024604171 | U9: NA | V9: =V8/T8-1 -> 0.051115432 | W9: =W8/V8-1 -> 0.042801713 | X9: =X8/W8-1 -> 0.06590188
A10: Year-Over-Year Growth % | B10: 0.25933095 | C10: 0.26073205 | D10: 0.24464307 | E10: 0.26807766 | F10: 0.25817768 | G10: =G8/B8-1 -> 0.21699047 | H10: =H8/C8-1 -> 0.16786915 | I10: =I8/D8-1 -> 0.13731801 | J10: =J8/E8-1 -> 0.10502985 | K10: =K8/F8-1 -> 0.15482804 | L10: =L8/G8-1 -> 0.089516103 | M10: =M8/H8-1 -> 0.10708748 | N10: =N8/I8-1 -> 0.14867716 | ... X10: =X8/S8-1 -> 0.1970864
A11: Year-Over-Year Constant Currency Growth % | B11: 0.26501976 | C11: 0.27568127 | D11: 0.26422749 | E11: 0.28616982 | F11: 0.27302097 | G11: 0.230037 | H11: 0.17107155 | I11: 0.1320339 | J11: 0.10130272 | K11: 0.15631494 | L11: 0.088312145 | M11: 0.10769557 | N11: 0.14518131 | O11: 0.1634336 | P11: 0.12653353 | Q11: 0.15146601 | R11: 0.14606126 | S11: 0.12330462 | T11: 0.1264388 | U11: 0.13636228 | V11: 0.13372926 | W11: 0.1594097 | X11: 0.19908695
A13: Cost of revenue (1) | B13: -207516 | C13: -221207 | D13: -230462 | E13: =+F13-SUM(B13:D13) -> -237410 | F13: -896595 | G13: -251469 | H13: -253220 | I13: -256002 | J13: =+K13-SUM(G13:I13) -> -262211 | K13: -1022902 | L13: -273424 | M13: -282106 | N13: -293806 | O13: =P13-SUM(L13:N13) -> -298023 | P13: -1147359 | Q13: -307705 | R13: -320272 | S13: -325649 | T13: =U13-SUM(Q13:S13) -> -332977 | U13: -1286603 | V13: -348270 | W13: -368800 | X13: -392824
A14: Gross profit (1) | B14: =B8+B13 -> 121692 | C14: =C8+C13 -> 125575 | D14: =D8+D13 -> 130889 | E14: =E8+E13 -> 137293 | F14: =F8+F13 -> 515449 | G14: =G8+G13 -> 149174 | H14: =H8+H13 -> 151776 | I14: =I8+I13 -> 154969 | ... X14: =X8+X13 -> 241135
A15: Gross Margin % | B15: =B14/B8 -> 0.3696508 | C15: =C14/C8 -> 0.3621151 | D15: =D14/D8 -> 0.36222122 | E15: =E14/E8 -> 0.36640486 | F15: =F14/F8 -> 0.36503749 | G15: =G14/G8 -> 0.37233647 | H15: =H14/H8 -> 0.37475926 | I15: =I14/I8 -> 0.37708013 | ... U15: =U14/U8 -> 0.38371608 | V15: =IFERROR(V14/V8,0) -> 0.38937602 | W15: =IFERROR(W14/W8,0) -> 0.37992108 | X15: =IFERROR(X14/X8,0) -> 0.38036371
A17: Operating expenses
A18: General and administrative expenses | B18: -39945 | C18: -40434 | D18: -42519 | E18: =+F18-SUM(B18:D18) -> -46118 | F18: -169016 | G18: -46746 | H18: -45605 | I18: -52213 | J18: =+K18-SUM(G18:I18) -> -53730 | K18: -198294 | L18: -53243 | M18: -56457 | N18: -57495 | O18: =P18-SUM(L18:N18) -> -58477 | P18: -225672 | Q18: -59417 | R18: -59549 | S18: -66251 | T18: =U18-SUM(Q18:S18) -> -70091 | U18: -255308 | V18: -69051 | W18: -74436 | X18: -79872
A19: % of revenue | B19: =-B18/B$8 -> 0.12133666 | C19: =-C18/C$8 -> 0.11659775 | D19: =-D18/D$8 -> 0.11766676 | E19: =-E18/E$8 -> 0.12307881 | F19: =-F18/F$8 -> 0.11969599 | G19: =-G18/G$8 -> 0.11667744 | H19: =-H18/H$8 -> 0.11260605 | I19: =-I18/I$8 -> 0.12704789 | ... U19: =-U18/U$8 -> 0.12229275 | V19: =-IFERROR(V18/V$8,0) -> 0.12106755 | W19: =-IFERROR(W18/W$8,0) -> 0.12515237 | X19: =-IFERROR(X18/X$8,0) -> 0.12598922
A21: Selling and marketing expenses | B21: -24170 | C21: -23985 | D21: -23879 | E21: =+F21-SUM(B21:D21) -> -25955 | F21: -97989 | G21: -29493 | H21: -28238 | I21: -30943 | J21: =+K21-SUM(G21:I21) -> -31553 | K21: -120227 | L21: -35970 | M21: -35444 | N21: -37568 | O21: =P21-SUM(L21:N21) -> -37520 | P21: -146502 | Q21: -41925 | R21: -39446 | S21: -46383 | T21: =U21-SUM(Q21:S21) -> -45180 | U21: -172934 | V21: -47201 | W21: -49628 | X21: -53542
A22: % of revenue | B22: =-B21/B$8 -> 0.073418629 | C22: =-C21/C$8 -> 0.06916449 | D22: =-D21/D$8 -> 0.066082562 | E22: =ROUNDDOWN(-E21/E$8,3) -> 0.069 | F22: =-F21/F$8 -> 0.069395146 | G22: =-G21/G$8 -> 0.073614165 | H22: =-H21/H$8 -> 0.069724145 | I22: =-I21/I$8 -> 0.075292417 | J22: =-J21/J$8 -> 0.0762043 | K22: =ROUNDDOWN(-K21/K$8,3) -> 0.073 | L22: =-L21/L$8 -> 0.082404177 | M22: =-M21/M$8 -> 0.079051489 | N22: =-N21/N$8 -> 0.079580912 | O22: =-O21/O$8 -> 0.077935134 | P22: =-P21/P$8 -> 0.079691162 | Q22: =-Q21/Q$8 -> 0.083679461 | R22: =-R21/R$8 -> 0.076674571 | S22: =-S21/S$8 -> 0.087583674 | ... U22: =-U21/U$8 -> 0.082835532 | V22: =-IFERROR(V21/V$8,0) -> 0.082757811 | W22: =-IFERROR(W21/W$8,0) -> 0.08344164 | X22: =-IFERROR(X21/X$8,0) -> 0.084456566
A24: Depreciation and amortization expense | B24: -13602 | C24: -14075 | D24: -14380 | E24: =+F24-SUM(B24:D24) -> -14225 | F24: -56282 | G24: -13487 | H24: -13122 | I24: -11583 | J24: =+K24-SUM(G24:I24) -> -12298 | K24: -50490 | L24: -12346 | M24: -12910 | N24: -13799 | O24: =P24-SUM(L24:N24) -> -16164 | P24: -55219 | Q24: -13557 | R24: -14055 | S24: -15128 | T24: =U24-SUM(Q24:S24) -> -16344 | U24: -59084 | V24: -14003 | W24: -14604 | X24: -18865
A25: % of revenue | B25: =-B24/B$8 -> 0.041317343 | C25: =-C24/C$8 -> 0.040587458 | D25: =-D24/D$8 -> 0.039795102 | E25: =-E24/E$8 -> 0.0379634 | F25: =-F24/F$8 -> 0.039858531 | G25: =-G24/G$8 -> 0.033663386 | H25: =-H24/H$8 -> 0.03240032 | I25: =-I24/I$8 -> 0.02818447 | ... U25: =-U24/U$8 -> 0.028301286 | V25: =-IFERROR(V24/V$8,0) -> 0.024551548 | W25: =-IFERROR(W24/W$8,0) -> 0.024554318 | X25: =-IFERROR(X24/X$8,0) -> 0.029757445
A27: Total operating expenses | B27: =B18+B21+B24 -> -77717 | C27: =C18+C21+C24 -> -78494 | D27: =D18+D21+D24 -> -80778 | E27: =E18+E21+E24 -> -86298 | F27: =F18+F21+F24 -> -323287 | G27: =G18+G21+G24 -> -89726 | H27: =H18+H21+H24 -> -86965 | I27: =I18+I21+I24 -> -94739 | ... X27: =X18+X21+X24 -> -152279
A29: Income from operations | B29: =B14+B27 -> 43975 | C29: =C14+C27 -> 47081 | D29: =D14+D27 -> 50111 | E29: =E14+E27 -> 50995 | F29: =F14+F27 -> 192162 | G29: =G14+G27 -> 59448 | H29: =H14+H27 -> 64811 | I29: =I14+I27 -> 60230 | ... X29: =X14+X27 -> 88856
A30: Sequential Growth % | B30: 0.21956293 | C30: 0.07063104 | D30: 0.064357172 | E30: 0.017640837 | F30: NA | G30: =G29/E29-1 -> 0.16576135 | H30: =H29/G29-1 -> 0.090213296 | I30: =I29/H29-1 -> -0.070682446 | J30: =J29/I29-1 -> -0.099020422 | K30: NA | L30: =L29/J29-1 -> 0.13374857 | M30: =M29/L29-1 -> -0.0012190365 | N30: =N29/M29-1 -> 0.12947322 | O30: =O29/N29-1 -> 0.026467834 | P30: NA | Q30: =Q29/O29-1 -> 0.10068499 | R30: =R29/Q29-1 -> 0.034725499 | S30: =S29/R29-1 -> -0.061179719 | T30: =T29/S29-1 -> 0.024273374 | U30: NA | V30: =V29/T29-1 -> 0.17690937 | W30: =W29/V29-1 -> -0.049343323 | X30: =X29/W29-1 -> 0.017881895
A31: Year-Over-Year Growth % | B31: 0.058236073 | C31: 0.31401061 | D31: 0.18080494 | E31: 0.41424927 | F31: 0.23274806 | G31: =G29/B29-1 -> 0.35185901 | H31: =H29/C29-1 -> 0.37658503 | I31: =I29/D29-1 -> 0.20193171 | J31: =J29/E29-1 -> 0.064143543 | K31: =K29/F29-1 -> 0.24246729 | L31: =L29/G29-1 -> 0.034921276 | M31: =M29/H29-1 -> -0.05187391 | N31: =N29/I29-1 -> 0.15233272 | ... X31: =X29/S29-1 -> 0.16648725
A32: Operating Margin % | B32: =IF(B29/B8<0, "NM",B29/B8) -> 0.13357816 | C32: =IF(C29/C8<0, "NM",C29/C8) -> 0.13576541 | D32: =IF(D29/D8<0, "NM",D29/D8) -> 0.1386768 | E32: =IF(E29/E8<0, "NM",E29/E8) -> 0.13609445 | F32: =IF(F29/F8<0, "NM",F29/F8) -> 0.13608783 | G32: =IF(G29/G8<0, "NM",G29/G8) -> 0.14838148 | H32: =IF(H29/H8<0, "NM",H29/H8) -> 0.16002874 | I32: =IF(I29/I8<0, "NM",I29/I8) -> 0.14655535 | ... U32: =IF(U29/U8<0, "NM",U29/U8) -> 0.15028651 | V32: =IFERROR(IF(V29/V8<0, "NM",V29/V8),0) -> 0.1609991 | W32: =IFERROR(IF(W29/W8<0, "NM",W29/W8),0) -> 0.14677275 | X32: =IFERROR(IF(X29/X8<0, "NM",X29/X8),0) -> 0.14016048
A34: Foreign exchange gain / (loss), net | B34: 1756 | C34: 1423 | D34: 1504 | E34: =+F34-SUM(B34:D34) -> 1516 | F34: 6199 | G34: 105 | H34: 324 | I34: 409 | J34: =+K34-SUM(G34:I34) -> 694 | K34: 1532 | L34: 359 | M34: 36 | N34: 278 | O34: =P34-SUM(L34:N34) -> 218 | P34: 891 | Q34: 1192 | R34: 2211 | S34: -1013 | T34: =U34-SUM(Q34:S34) -> 469 | U34: 2859 | V34: 1135 | W34: 1609 | X34: 1502
A35: Interest and other income, net | B35: 1535 | C35: -1676 | D35: -181 | E35: =+F35-SUM(B35:D35) -> -7940 | F35: -8262 | G35: -230 | H35: -579 | I35: -2627 | J35: =+K35-SUM(G35:I35) -> 1090 | K35: -2346 | L35: 661 | M35: -1778 | N35: -1152 | O35: =P35-SUM(L35:N35) -> -895 | P35: -3164 | Q35: 559 | R35: 1389 | S35: -464 | T35: =U35-SUM(Q35:S35) -> -3041 | U35: -1557 | V35: -1560 | W35: -4938 | X35: -3697
B36: 0 | C36: 0 | D36: 0 | E36: =+F36-SUM(B36:D36) -> 0 | F36: 0 | G36: 0 | H36: 0 | I36: 0 | J36: =+K36-SUM(G36:I36) -> 0 | K36: 0 | L36: 0 | M36: 0 | N36: 0 | O36: 0 | P36: 0 | Q36: 0 | R36: 0 | S36: 0 | T36: 0 | U36: 0 | V36: 0 | W36: 0 | X36: 0
A38: Income before income tax expense and earnings from equity affiliates | B38: =B29+B35+B34 -> 47266 | C38: =C29+C35+C34 -> 46828 | D38: =D29+D35+D34 -> 51434 | E38: =E29+E35+E34 -> 44571 | F38: =F29+F35+F34 -> 190099 | G38: =G29+G35+G34 -> 59323 | H38: =H29+H35+H34 -> 64556 | I38: =I29+I35+I34 -> 58012 | ... X38: =X29+X35+X34 -> 86661
A40: Income tax expense | B40: -11202 | C40: -11125 | D40: -12447 | E40: =+F40-SUM(B40:D40) -> -12791 | F40: -47565 | G40: -8058 | H40: -15554 | I40: -14161 | J40: =+K40-SUM(G40:I40) -> -15763 | K40: -53536 | L40: -13753 | M40: -13873 | N40: -15460 | O40: =P40-SUM(L40:N40) -> -19850 | P40: -62936 | Q40: -13496 | R40: -18546 | S40: -16456 | T40: =U40-SUM(Q40:S40) -> -15230 | U40: -63728 | V40: -24318 | W40: -19426 | X40: -17939
A41: Gain/(loss) from equity-method investment | B41: 114 | C41: 143 | D41: 108 | E41: =+F41-SUM(B41:D41) -> 69 | F41: 434 | G41: 66 | H41: 66 | I41: 25 | J41: =+K41-SUM(G41:I41) -> -4 | K41: 153 | L41: -28 | M41: -9 | N41: -34 | O41: =P41-SUM(L41:N41) -> -43 | P41: -114 | Q41: -109 | R41: -141 | S41: -80 | T41: =U41-SUM(Q41:S41) -> 25 | U41: -305 | V41: -2 | W41: -29 | X41: 49
A43: Net income | B43: =B38+B40+B41 -> 36178 | C43: =C38+C40+C41 -> 35846 | D43: =D38+D40+D41 -> 39095 | E43: =E38+E40+E41 -> 31849 | F43: =F38+F40+F41 -> 142968 | G43: =G38+G40+G41 -> 51331 | H43: =H38+H40+H41 -> 49068 | I43: =I38+I40+I41 -> 43876 | ... X43: =X38+X40+X41 -> 68771
A44: % of revenue | B44: =B43/B8 -> 0.10989405 | C44: =C43/C8 -> 0.10336753 | D44: =D43/D8 -> 0.1081912 | E44: =E43/E8 -> 0.084997985 | F44: =F43/F8 -> 0.10124897 | G44: =G43/G8 -> 0.12812154 | H44: =H43/H8 -> 0.12115675 | I44: =I43/I8 -> 0.10676179 | ... U44: =U43/U8 -> 0.12023831 | V44: =IFERROR(V43/V8,0) -> 0.11761354 | W44: =IFERROR(W43/W8,0) -> 0.10846505 | X44: =IFERROR(X43/X8,0) -> 0.10847862
A45: Sequential Growth % | B45: 0.27841973 | C45: -0.0091768478 | D45: 0.090637728 | E45: -0.18534339 | F45: NA | G45: =G43/E43-1 -> 0.61169895 | H45: =H43/G43-1 -> -0.04408642 | I45: =I43/H43-1 -> -0.10581234 | J45: =J43/I43-1 -> -0.081889871 | K45: NA | L45: =L43/J43-1 -> 0.21051064 | M45: =M43/L43-1 -> -0.0602506 | N45: =N43/M43-1 -> 0.15738134 | O45: =O43/N43-1 -> -0.044591512 | P45: NA | Q45: =Q43/O43-1 -> 0.31356568 | R45: =R43/Q43-1 -> -0.0076621445 | S45: =S43/R43-1 -> -0.11945315 | T45: =T43/S43-1 -> 0.035848765 | U45: NA | V45: =V43/T43-1 -> 0.11345152 | W45: =W43/V43-1 -> -0.038311892 | X45: =X43/W43-1 -> 0.06603525
A46: Year-Over-Year Growth % | B46: 0.13300554 | C46: 0.27925484 | D46: 0.47489342 | E46: 0.12544613 | F46: 0.24582164 | G46: =G43/B43-1 -> 0.41884571 | H46: =H43/C43-1 -> 0.36885566 | I46: =I43/D43-1 -> 0.12229185 | J46: =J43/E43-1 -> 0.26481208 | K46: =K43/F43-1 -> 0.29090426 | L46: =L43/G43-1 -> -0.050028248 | M46: =M43/H43-1 -> -0.066091954 | N46: =N43/I43-1 -> 0.20879296 | ... X46: =X43/S43-1 -> 0.18242465
A47: Earnings/(loss) per share
A48: Basic | B48: =B43/B51 -> 0.21636266 | C48: =C43/C51 -> 0.21462486 | D48: =D43/D51 -> 0.23524421 | E48: =E43/E51 -> 0.19162365 | F48: =F43/F51 -> 0.85788349 | G48: =G43/G51 -> 0.30700726 | H48: =H43/H51 -> 0.29421323 | I48: =I43/I51 -> 0.26405874 | ... U48: =U43/U51 -> 1.5588531 | V48: =IFERROR(V43/V51,0) -> 0.42987139 | W48: =IFERROR(W43/W51,0) -> 0.42287321 | X48: =IFERROR(X43/X51,0) -> 0.45308166
A49: Diluted | B49: =B43/B52 -> 0.21347227 | C49: =C43/C52 -> 0.21191466 | D49: =D43/D52 -> 0.2314834 | E49: =E43/E52 -> 0.18825845 | F49: =F43/F52 -> 0.84511938 | G49: =G43/G52 -> 0.30255751 | H49: =H43/H52 -> 0.29130502 | I49: =I43/I52 -> 0.26165259 | ... U49: =U43/U52 -> 1.5449034 | V49: =IFERROR(V43/V52,0) -> 0.42752893 | W49: =IFERROR(W43/W52,0) -> 0.42210401 | X49: =IFERROR(X43/X52,0) -> 0.45075048
A50: Weighted-average number of shares used in computing earnings per share
A51: Basic | B51: 167210 | C51: 167017 | D51: 166189 | E51: 166206 | F51: 166652 | G51: 167198 | H51: 166777 | I51: 166160 | J51: 165254 | K51: 166341 | L51: 165082 | M51: 162794 | N51: 161733 | O51: 161292 | P51: 162719 | Q51: 162490 | R51: 162925 | S51: 160496 | T51: 158254 | U51: 161028 | V51: 156049 | W51: 152554 | X51: 151785
A52: Diluted | B52: 169474 | C52: 169153 | D52: 168889 | E52: 169177 | F52: 169169 | G52: 169657 | H52: 168442 | I52: 167688 | J52: 166881 | K52: 168161 | L52: 166727 | M52: 163962 | N52: 163188 | O52: 163437 | P52: 164322 | Q52: 164557 | R52: 164193 | S52: 161714 | T52: 159514 | U52: 162482 | V52: 156904 | W52: 152832 | X52: 152570
A54: (1) Exclusive of depreciation and amortization expense.

Sheet Balance Sheet
A1: ; | R1: Back
A3: Balance Sheet | C3: 2022 | D3: 2022 | E3: 2022 | F3: 2022 | G3: 2023 | H3: 2023 | I3: 2023 | J3: 2023 | K3: 2024 | L3: 2024 | M3: 2024 | N3: 2024 | O3: 2025 | P3: 2025 | Q3: 2025 | R3: 2025 | S3: 2026 | T3: 2026 | U3: 2026
A4: ($ in thousands) | C4: Q1 | D4: Q2 | E4: Q3 | F4: Q4 | G4: Q1 | H4: Q2 | I4: Q3 | J4: Q4 | K4: Q1 | L4: Q2 | M4: Q3 | N4: Q4 | O4: Q1 | P4: Q2 | Q4: Q3 | R4: Q4 | S4: Q1 | T4: Q2 | U4: Q3
A6: Assets
A7: Current assets:
A8: Cash and cash equivalents | C8: 106540 | D8: 106304 | E8: 89262 | F8: 118669 | G8: 87298 | H8: 93960 | I8: 122655 | J8: 136953 | K8: 108565 | L8: 115303 | M8: 150102 | N8: 153355 | O8: 140442 | P8: 149134 | Q8: 160309 | R8: 146326 | S8: 145405 | T8: 126722 | U8: 154066
A9: Short-term investments | C9: 162694 | D9: 158941 | E9: 172889 | F9: 179027 | G9: 116479 | H9: 156098 | I9: 151581 | J9: 153881 | K9: 137585 | L9: 160833 | M9: 175648 | N9: 187223 | O9: 190978 | P9: 204160 | Q9: 229833 | R9: 182041 | S9: 108358 | T9: 157102 | U9: 178612
A10: Restricted cash | C10: 6274 | D10: 6840 | E10: 7013 | F10: 4897 | G10: 5598 | H10: 4628 | I10: 3257 | J10: 4062 | K10: 4291 | L10: 6351 | M10: 7342 | N10: 9972 | O10: 9826 | P10: 11503 | Q10: 11319 | R10: 12392 | S10: 12409 | T10: 12964 | U10: 13916
A11: Accounts receivable, net | C11: 239279 | D11: 237453 | E11: 256911 | F11: 259222 | G11: 290512 | H11: 288305 | I11: 303378 | J11: 308108 | K11: 335523 | L11: 327613 | M11: 340904 | N11: 304322 | O11: 339856 | P11: 345470 | Q11: 351426 | R11: 343105 | S11: 388563 | T11: 434362 | U11: 457287
A12: Other current assets | C12: 57831 | D12: 51476 | E12: 54509 | F12: 50979 | G12: 66340 | H12: 70186 | I12: 70697 | J12: 76669 | K12: 78753 | L12: 93612 | M12: 93693 | N12: 140317 | O12: 150203 | P12: 148049 | Q12: 139059 | R12: 146093 | S12: 142626 | T12: 144132 | U12: 155262
A13: Total current assets | C13: =SUM(C8:C12) -> 572618 | D13: =SUM(D8:D12) -> 561014 | E13: =SUM(E8:E12) -> 580584 | F13: =SUM(F8:F12) -> 612794 | G13: =SUM(G8:G12) -> 566227 | H13: =SUM(H8:H12) -> 613177 | I13: =SUM(I8:I12) -> 651568 | J13: =SUM(J8:J12) -> 679673 | ... U13: =SUM(U8:U12) -> 959143
A15: Property and equipment, net | C15: 85610 | D15: 82649 | E15: 79933 | F15: 82828 | G15: 86652 | H15: 93688 | I15: 96729 | J15: 100373 | K15: 101622 | L15: 103478 | M15: 107395 | N15: 101837 | O15: 107148 | P15: 114103 | Q15: 112677 | R15: 111821 | S15: 109388 | T15: 114587 | U15: 122884
A16: Operating lease right-of-use assets | C16: 75147 | D16: 67962 | E16: 61966 | F16: 55347 | G16: 52782 | H16: 58423 | I16: 56817 | J16: 64856 | K16: 66799 | L16: 72822 | M16: 71796 | N16: 68784 | O16: 71150 | P16: 73083 | Q16: 72346 | R16: 97411 | S16: 92980 | T16: 97495 | U16: 94517
A17: Restricted cash | C17: 2255 | D17: 2056 | E17: 1996 | F17: 2055 | G17: 2069 | H17: 2072 | I17: 2047 | J17: 4386 | K17: 4376 | L17: 5751.7105 | M17: 5820 | N17: 8071 | O17: 8210 | P17: 9888 | Q17: 8205 | R17: 7251 | S17: 6964 | T17: 7086 | U17: 7092
A18: Deferred tax assets, net | C18: 22447 | D18: 40924 | E18: 54898 | F18: 55791 | G18: 62252 | H18: 68612 | I18: 79767 | J18: 82927 | K18: 91840 | L18: 100993 | M18: 106881 | N18: 104747 | O18: 109953 | P18: 117208 | Q18: 115825 | R18: 129968 | S18: 140602 | T18: 139288 | U18: 129734
A19: Goodwill | C19: 404561 | D19: 406575 | E19: 405781 | F19: 405637 | G19: 405824 | H19: 405903 | I19: 405579 | J19: 405639 | K19: 405574 | L19: 405581 | M19: 427663 | N19: 420387 | O19: 420494 | P19: 420573 | Q19: 419871 | R19: 419654 | S19: 418659 | T19: 418693 | U19: 581595
A20: Other intangible assets, net | C20: 76578 | D20: 73298 | E20: 69008 | F20: 64819 | G20: 60681 | H20: 56487 | I20: 53315 | J20: 50164 | K20: 47080 | L20: 44003 | M20: 51291 | N20: 49331 | O20: 46092 | P20: 42825 | Q20: 39511 | R20: 36204 | S20: 32978 | T20: 29720 | U20: 99523
A21: Long-term investments - Equity affiliate | C21: 3118 | D21: 3261 | E21: 3369 | F21: 3438 | G21: 3504 | H21: 3570 | I21: 4195 | J21: 4191 | K21: 4163 | L21: 4155 | M21: 4720 | N21: 4678 | O21: 5168 | P21: 5028 | Q21: 5547 | R21: 5573 | S21: 5570 | T21: 6142 | U21: 6190
A22: Long-term investments - Others | C22: 184 | D22: 22997 | E22: 31355 | F22: 31341 | G22: 32055 | H22: 12515 | I22: 1078 | J22: 239 | K22: 241 | L22: 9332.0095 | M22: 9464 | N22: 9294 | O22: 14966 | P22: 2488 | Q22: 2454 | R22: 2625 | S22: 11962 | T22: 254 | U22: 260
A23: Other assets | C23: 32031 | D23: 30198 | E23: 29838 | F23: 32069 | G23: 36525 | H23: 48255 | I23: 51398 | J23: 49524 | K23: 52979 | L23: 53939 | M23: 57113 | N23: 56085 | O23: 61925 | P23: 64991 | Q23: 65250 | R23: 61771 | S23: 59915 | T23: 59340 | U23: 72471
A24: Total assets | C24: =SUM(C13:C23) -> 1274549 | D24: =SUM(D13:D23) -> 1290934 | E24: =SUM(E13:E23) -> 1318728 | F24: =SUM(F13:F23) -> 1346119 | G24: =SUM(G13:G23) -> 1308571 | H24: =SUM(H13:H23) -> 1362702 | I24: =SUM(I13:I23) -> 1402493 | J24: =SUM(J13:J23) -> 1441972 | ... U24: =SUM(U13:U23) -> 2073409
A26: Liabilities and stockholders' equity
A27: Current liabilities:
A28: Accounts payable | C28: 4796 | D28: 4377 | E28: 3487 | F28: 7789 | G28: 3384 | H28: 3019 | I28: 3159 | J28: 5055 | K28: 3093 | L28: 2996 | M28: 4082 | N28: 5884 | O28: 5648 | P28: 5971 | Q28: 6767 | R28: 4753 | S28: 11260 | T28: 6733 | U28: 6505
A29: Current portion of long-term borrowings | C29: 35000 | D29: 35000 | E29: 35000 | F29: 30000 | G29: 40000 | H29: 30000 | I29: 50000 | J29: 65000 | K29: 65000 | L29: 75000 | M29: 4891 | N29: 4886 | O29: 4886 | P29: 4886 | Q29: 4886 | R29: 4886 | S29: 4886 | T29: 381155 | U29: 9703
A30: Deferred revenue | C30: 22571 | D30: 22013 | E30: 19279 | F30: 18782 | G30: 21525 | H30: 20755 | I30: 13766 | J30: 12318 | K30: 16939 | L30: 15406 | M30: 12472 | N30: 19264 | O30: 20138 | P30: 21989 | Q30: 17497 | R30: 15356 | S30: 22905 | T30: 22591 | U30: 20257
A31: Accrued employee costs | C31: 52276 | D31: 75698 | E31: 92252 | F31: 108100 | G31: 49955 | H31: 82044 | I31: 105535 | J31: 117137 | K31: 50970 | L31: 80443 | M31: 110677 | N31: 129994 | O31: 63575 | P31: 99535 | Q31: 129381 | R31: 146775 | S31: 71604 | T31: 112908 | U31: 155231
A32: Accrued expenses and other current liabilities | C32: 88170 | D32: 110378 | E32: 120210 | F32: 98297 | G32: 151945 | H32: 108763 | I32: 119678 | J32: 114113 | K32: 111953 | L32: 97613 | M32: 105159 | N32: 113597 | O32: 131980 | P32: 121548 | Q32: 129297 | R32: 135498 | S32: 171934 | T32: 161525 | U32: 232400
A33: Current portion of operating lease liabilities | C33: 19308 | D33: 18548 | E33: 16740 | F33: 14978 | G33: 14095 | H33: 14482 | I33: 14008 | J33: 12780 | K33: 13486 | L33: 15404 | M33: 16904 | N33: 16491 | O33: 17426 | P33: 18374 | Q33: 19174 | R33: 16857 | S33: 16925 | T33: 18734 | U33: 20093
A34: Total current liabilities | C34: =SUM(C28:C33) -> 222121 | D34: =SUM(D28:D33) -> 266014 | E34: =SUM(E28:E33) -> 286968 | F34: =SUM(F28:F33) -> 277946 | G34: =SUM(G28:G33) -> 280904 | H34: =SUM(H28:H33) -> 259063 | I34: =SUM(I28:I33) -> 306146 | J34: =SUM(J28:J33) -> 326403 | ... U34: =SUM(U28:U33) -> 444189
A36: Long-term borrowings, less current portion | C36: 260000 | D36: 250000 | E36: 235000 | F36: 220000 | G36: 160000 | H36: 190000 | I36: 160000 | J36: 135000 | K36: 280000 | L36: 260000 | M36: 339828 | N36: 283598 | O36: 302377 | P36: 255155 | Q36: 349934 | R36: 293712 | S36: 412491 | T36: 0 | U36: 501346
A37: Operating lease liabilities, less current portion | C37: 66173 | D37: 59224 | E37: 54174 | F37: 48155 | G37: 45655 | H37: 50575 | I37: 48445 | J37: 58175 | K37: 59876 | L37: 64412 | M37: 62336 | N37: 59851 | O37: 61408 | P37: 62402 | Q37: 60463 | R37: 88167 | S37: 84277 | T37: 88130 | U37: 84205
A38: Deferred tax liabilities, net | C38: 928 | D38: 841 | E38: 759 | F38: 547 | G38: 493 | H38: 507 | I38: 461 | J38: 1495 | K38: 1435 | L38: 2271 | M38: 3245 | N38: 1403 | O38: 1625 | P38: 2216 | Q38: 2465 | R38: 2125 | S38: 1707 | T38: 2256 | U38: 2591
A39: Other non-current liabilities | C39: 24986 | D39: 29202 | E39: 37243 | F39: 41292 | G39: 26297 | H39: 28343 | I39: 31354 | J39: 31462 | K39: 33384 | L39: 37616 | M39: 42675 | N39: 53573 | O39: 55471 | P39: 55477 | Q39: 61379 | R39: 81401 | S39: 99586 | T39: 87613 | U39: 112990
A40: Total Liabilities | C40: =SUM(C34:C39) -> 574208 | D40: =SUM(D34:D39) -> 605281 | E40: =SUM(E34:E39) -> 614144 | F40: =SUM(F34:F39) -> 587940 | G40: =SUM(G34:G39) -> 513349 | H40: =SUM(H34:H39) -> 528488 | I40: =SUM(I34:I39) -> 546406 | J40: =SUM(J34:J39) -> 552535 | ... U40: =SUM(U34:U39) -> 1145321
A42: Stockholders’ equity:
A44: Common stock | C44: 40 | D44: 40 | E44: 40 | F44: 40 | G44: 40 | H44: 40 | I44: 202 | J44: 203 | K44: 204 | L44: 204 | M44: 205 | N44: 206 | O44: 207 | P44: 207 | Q44: 207 | R44: 209 | S44: 210 | T44: 210 | U44: 210
A45: Additional paid-in capital | C45: 406966 | D45: 420306 | E45: 432492 | F45: 445108 | G45: 460527 | H45: 472124 | I45: 492577 | J45: 508028 | K45: 502827 | L45: 520922 | M45: 572430 | N45: 588583 | O45: 609592 | P45: 625984 | Q45: 627966 | R45: 677562 | S45: 674662 | T45: 724432 | U45: 750312
A46: Retained earnings | C46: 792315 | D46: 828161 | E46: 867256 | F46: 899105 | G46: 950436 | H46: 999504 | I46: 1043380 | J46: 1083663 | K46: 1132426 | L46: 1178251 | M46: 1231288 | N46: 1281960 | O46: 1348521 | P46: 1414572 | Q46: 1472733 | R46: 1532979 | S46: 1600060 | T46: 1664571 | U46: 1733342
A47: Accumulated other comprehensive income/(loss) | C47: -98306 | D47: -133374 | E47: -154203 | F47: -144143 | G47: -131487 | H47: -124147 | I47: -136805 | J47: -127040 | K47: -130436 | L47: -136108 | M47: -122593 | N47: -154722 | O47: -142787 | P47: -134434 | Q47: -168977 | R47: -180727 | S47: -237374 | T47: -223682 | U47: -230031
A48: Less: Shares held in treasury | C48: -400674 | D48: -429480 | E48: -441001 | F48: -441931 | G48: -484294 | H48: -513307 | I48: -543267 | J48: -575417 | K48: -701766 | L48: -710663 | M48: -773767 | N48: -786165 | O48: -803656 | P48: -845379 | Q48: -979540 | R48: -1117318 | S48: -1258754 | T48: -1299289 | U48: -1325745
A49: Total stockholders' equity | C49: =SUM(C44:C48) -> 700341 | D49: =SUM(D44:D48) -> 685653 | E49: =SUM(E44:E48) -> 704584 | F49: =SUM(F44:F48) -> 758179 | G49: =SUM(G44:G48) -> 795222 | H49: =SUM(H44:H48) -> 834214 | I49: =SUM(I44:I48) -> 856087 | J49: =SUM(J44:J48) -> 889437 | ... U49: =SUM(U44:U48) -> 928088
A51: Total liabilities and stockholders' equity | C51: =C49+C40 -> 1274549 | D51: =D49+D40 -> 1290934 | E51: =E49+E40 -> 1318728 | F51: =F49+F40 -> 1346119 | G51: =G49+G40 -> 1308571 | H51: =H49+H40 -> 1362702 | I51: =I49+I40 -> 1402493 | J51: =J49+J40 -> 1441972 | ... U51: =U49+U40 -> 2073409

Sheet Cashflow
U1: Back
A4: Cash Flow Statement | B4: 2022 | C4: 2022 | D4: 2022 | E4: 2022 | F4: 2022 | G4: 2023 | H4: 2023 | I4: 2023 | J4: 2023 | K4: 2023 | L4: 2024 | M4: 2024 | N4: 2024 | O4: 2024 | P4: 2024 | Q4: 2025 | R4: 2025 | S4: 2025 | T4: 2025 | U4: 2025 | V4: 2026 | W4: 2026 | X4: 2026
A5: ($ in thousands) | B5: Q1 | C5: Q2 | D5: Q3 | E5: Q4 | F5: FY | G5: Q1 | H5: Q2 | I5: Q3 | J5: Q4 | K5: FY | L5: Q1 | M5: Q2 | N5: Q3 | O5: Q4 | P5: FY | Q5: Q1 | R5: Q2 | S5: Q3 | T5: Q4 | U5: FY | V5: Q1 | W5: Q2 | X5: Q3
A7: Cash flows from operating activities
A8: Net income | B8: 36178 | C8: 35846 | D8: 39095 | E8: =+F8-SUM(B8:D8) -> 31849 | F8: 142968 | G8: 51331 | H8: 49068 | I8: 43876 | J8: =+K8-SUM(G8:I8) -> 40283 | K8: 184558 | L8: 48763 | M8: 45825 | N8: 53037 | O8: =P8-SUM(L8:N8) -> 50672 | P8: 198297 | Q8: 66561 | R8: 66051 | S8: 58161 | T8: =U8-SUM(Q8:S8) -> 60246 | U8: 251019 | V8: 67081 | W8: 64511 | X8: 68771
A9: Adjustments to reconcile net income to net cash provided by operating activities:
A10: Depreciation and amortization expense | B10: 13669 | C10: 14070 | D10: 14254 | E10: =+F10-SUM(B10:D10) -> 14109 | F10: 56102 | G10: 13408 | H10: 13056 | I10: 11546 | J10: =+K10-SUM(G10:I10) -> 12270 | K10: 50280 | L10: 12337 | M10: 12893 | N10: 13838 | O10: =P10-SUM(L10:N10) -> 16153 | P10: 55221 | Q10: 13542 | R10: 14147 | S10: 15188 | T10: =U10-SUM(Q10:S10) -> 16371 | U10: 59248 | V10: 13995 | W10: 14478 | X10: 18660
A11: Amortization of non-cash interest expense related to convertible notes | B11: 0 | C11: 0 | D11: 0 | E11: =+F11-SUM(B11:D11) -> 0 | F11: 0 | G11: 0 | H11: 0 | I11: 0 | J11: =+K11-SUM(G11:I11) -> 0 | K11: 0 | L11: 0 | M11: 0 | N11: 0 | O11: =P11-SUM(L11:N11) -> 0 | P11: 0 | Q11: 0 | R11: 0 | S11: 0 | T11: =U11-SUM(Q11:S11) -> 0 | U11: =0 -> 0 | V11: 0 | W11: 0 | X11: 0
A12: Stock-based compensation expense | B12: 11224 | C12: 13340 | D12: 12186 | E12: =+F12-SUM(B12:D12) -> 12616 | F12: 49366 | G12: 14407 | H12: 11511 | I12: 17067 | J12: =+K12-SUM(G12:I12) -> 15452 | K12: 58437 | L12: 17852 | M12: 18095 | N12: 21232 | O12: =P12-SUM(L12:N12) -> 15479 | P12: 72658 | Q12: 19187 | R12: 16392 | S12: 23139 | T12: =U12-SUM(Q12:S12) -> 20751 | U12: 79469 | V12: 22101 | W12: 24631 | X12: 25542
A13: Loss on settlement of convertible notes | B13: 0 | C13: 0 | D13: 0 | E13: =+F13-SUM(B13:D13) -> 0 | F13: 0 | G13: 0 | H13: 0 | I13: 0 | J13: =+K13-SUM(G13:I13) -> 0 | K13: 0 | L13: 0 | M13: 0 | N13: 0 | O13: =P13-SUM(L13:N13) -> 0 | P13: 0 | Q13: 0 | R13: 0 | S13: 0 | T13: =U13-SUM(Q13:S13) -> 0 | U13: =0 -> 0 | V13: 0 | W13: 0 | X13: 0
A14: Loss / (Gain) from equity-method investment | B14: -114 | C14: -143 | D14: -109 | E14: =+F14-SUM(B14:D14) -> -68 | F14: -434 | G14: -66 | H14: -66 | I14: -25 | J14: =+K14-SUM(G14:I14) -> 4 | K14: -153 | L14: 28 | M14: 8 | N14: 35 | O14: =P14-SUM(L14:N14) -> 43 | P14: 114 | Q14: 109 | R14: 141 | S14: 80 | T14: =U14-SUM(Q14:S14) -> -25 | U14: 305 | V14: 2 | W14: 29 | X14: -49
A15: Unrealized foreign currency exchange (gain)/loss, net | B15: -3165 | C15: -7115 | D15: -6533 | E15: =+F15-SUM(B15:D15) -> 170 | F15: -16643 | G15: 2814 | H15: -1526 | I15: -2150 | J15: =+K15-SUM(G15:I15) -> -501 | K15: -1363 | L15: -274 | M15: -2645 | N15: -145 | O15: =P15-SUM(L15:N15) -> -2072 | P15: -5136 | Q15: -1270 | R15: -2044 | S15: -7664 | T15: =U15-SUM(Q15:S15) -> -2970 | U15: -13948 | V15: -11411 | W15: -1 | X15: -3949
A16: Fair value mark-to-market of investments | B16: -384 | C16: 109 | D16: -200 | E16: =+F16-SUM(B16:D16) -> -734 | F16: -1209 | G16: 8186 | H16: -964 | I16: -1219 | J16: =+K16-SUM(G16:I16) -> 11041 | K16: 17044 | L16: 353 | M16: -654 | N16: -932 | O16: =P16-SUM(L16:N16) -> -281 | P16: -1514 | Q16: -84 | R16: -1220 | S16: -1887 | T16: =U16-SUM(Q16:S16) -> 1425 | U16: -1766 | V16: -1502 | W16: -1552 | X16: -1589
A17: Deferred income tax (benefit)/expense | B17: -193 | C17: -1269 | D17: -4159 | E17: =+F17-SUM(B17:D17) -> -13931 | F17: -19552 | G17: -9444 | H17: -8839 | I17: -8272 | J17: =+K17-SUM(G17:I17) -> -5187 | K17: -31742 | L17: -8680 | M17: -8396 | N17: -8347 | O17: =P17-SUM(L17:N17) -> 5538 | P17: -19885 | Q17: -7932 | R17: -7673 | S17: 9085 | T17: =U17-SUM(Q17:S17) -> -8543 | U17: -15063 | V17: -2683 | W17: -2247 | X17: -1846
A18: Allowance/(Reversal) for expected credit losses | B18: 34 | C18: 136 | D18: 7 | E18: =+F18-SUM(B18:D18) -> 506 | F18: 683 | G18: 342 | H18: 137 | I18: 1965 | J18: =+K18-SUM(G18:I18) -> 9 | K18: 2453 | L18: -240 | M18: 202 | N18: 343 | O18: =P18-SUM(L18:N18) -> -309 | P18: -4 | Q18: 1243 | R18: 28 | S18: 10 | T18: =U18-SUM(Q18:S18) -> -694 | U18: 587 | V18: 251 | W18: 266 | X18: 287
A19: Fair value changes in contingent consideration | B19: 0 | C19: 1000 | D19: 0 | E19: =+F19-SUM(B19:D19) -> 7250 | F19: 8250 | G19: 0 | H19: 0 | I19: 2500 | J19: =+K19-SUM(G19:I19) -> -600 | K19: 1900 | L19: -589 | M19: 0 | N19: 0 | O19: =P19-SUM(L19:N19) -> 0 | P19: -589 | Q19: 0 | R19: 0 | S19: 0 | T19: =U19-SUM(Q19:S19) -> 2300 | U19: 2300 | V19: 0 | W19: 3000 | X19: 0
A20: Reduction in the carrying amount of operating lease right-of-use assets | B20: 6043 | C20: 5962 | D20: 5360 | E20: =+F20-SUM(B20:D20) -> 4418 | F20: 21783 | G20: 4883 | H20: 5449 | I20: 4839 | J20: =+K20-SUM(G20:I20) -> 5017 | K20: 20188 | L20: 4995 | M20: 5354 | N20: 5721 | O20: =P20-SUM(L20:N20) -> 5694 | P20: 21764 | Q20: 6061 | R20: 6428 | S20: 5904 | T20: =U20-SUM(Q20:S20) -> 6246 | U20: 24639 | V20: 6904 | W20: 7114 | X20: 7419
A21: Others, net | B21: 819 | C21: -36 | D21: 823 | E21: =+F21-SUM(B21:D21) -> -662 | F21: 944 | G21: 1226 | H21: 108 | I21: 207 | J21: =+K21-SUM(G21:I21) -> -440 | K21: 1101 | L21: 348 | M21: 173 | N21: -649 | O21: =P21-SUM(L21:N21) -> -73 | P21: -201 | Q21: 90 | R21: -30 | S21: 304 | T21: =U21-SUM(Q21:S21) -> 326 | U21: 690 | V21: 243 | W21: 524 | X21: 443
A23: Change in operating assets and liabilities:
A24: Accounts receivable | B24: -45659 | C24: -726 | D24: -21681 | E24: =+F24-SUM(B24:D24) -> -55 | F24: -68121 | G24: -30896 | H24: 2521 | I24: -18113 | J24: =+K24-SUM(G24:I24) -> -2754 | K24: -49242 | L24: -27578 | M24: 7570 | N24: -8892 | O24: =P24-SUM(L24:N24) -> 33547 | P24: 4647 | Q24: -35231 | R24: -3081 | S24: -7083 | T24: =U24-SUM(Q24:S24) -> 9405 | U24: -35990 | V24: -47059 | W24: -46239 | X24: -13488
A25: Other current assets | B25: -1116 | C25: 3977 | D25: -308 | E25: =+F25-SUM(B25:D25) -> -10262 | F25: -7709 | G25: -6046 | H25: 1659 | I25: 3975 | J25: =+K25-SUM(G25:I25) -> -9094 | K25: -9506 | L25: -11394 | M25: 1049 | N25: 9689 | O25: =P25-SUM(L25:N25) -> -37255 | P25: -37911 | Q25: -17923 | R25: 12915 | S25: 9142 | T25: =U25-SUM(Q25:S25) -> -4365 | U25: -231 | V25: -17564 | W25: -12207 | X25: 10555
A26: Accounts payable | B26: -808 | C26: -299 | D26: -820 | E26: =+F26-SUM(B26:D26) -> 4312 | F26: 2385 | G26: -4445 | H26: -351 | I26: 172 | J26: =+K26-SUM(G26:I26) -> 1867 | K26: -2757 | L26: -1936 | M26: -131 | N26: 935 | O26: =P26-SUM(L26:N26) -> 1797 | P26: 665 | Q26: -229.18027 | R26: 284.18027 | S26: 887 | T26: =U26-SUM(Q26:S26) -> -2016 | U26: -1074 | V26: 6538 | W26: -4468 | X26: -975
A27: Deferred revenue | B27: 3707 | C27: 569 | D27: -2173 | E27: =+F27-SUM(B27:D27) -> 370 | F27: 2473 | G27: 2451 | H27: 2929 | I27: -3061 | J27: =+K27-SUM(G27:I27) -> -3196 | K27: -877 | L27: 5829 | M27: -2691 | N27: -3103 | O27: =P27-SUM(L27:N27) -> 6967 | P27: 7002 | Q27: 753 | R27: 1673 | S27: -4410 | T27: =U27-SUM(Q27:S27) -> -2143 | U27: -4127 | V27: 7607 | W27: -304 | X27: -2488
A28: Accrued expenses and other liabilities | B28: -44361 | C28: 21535 | D28: 24733 | E28: =+F28-SUM(B28:D28) -> 18119 | F28: 20026 | G28: -30384 | H28: 5311 | I28: 27519 | J28: =+K28-SUM(G28:I28) -> 21727 | K28: 24173 | L28: -53939 | M28: 20239 | N28: 38574 | O28: =P28-SUM(L28:N28) -> 36678 | P28: 41552 | Q28: -42436.144 | R28: 19642.144 | S28: 35727 | T28: =U28-SUM(Q28:S28) -> 23901 | U28: 36834 | V28: -57328.233 | W28: 33561.233 | X28: 27585
A29: Income taxes payable, net | B29: 6185 | C29: 2499 | D29: -4641 | E29: =+F29-SUM(B29:D29) -> 4736 | F29: 8779 | G29: 7883 | H29: -18493 | I29: -1412 | J29: =+K29-SUM(G29:I29) -> -6260 | K29: -18282 | L29: 11443 | M29: -16365 | N29: -3516 | O29: =P29-SUM(L29:N29) -> -17766 | P29: -26204 | Q29: 11664 | R29: -7462 | S29: -5162 | T29: =U29-SUM(Q29:S29) -> -651 | U29: -1611 | V29: 20261 | W29: 11131 | X29: -8075
A30: Other assets | B30: -2924 | C30: -3660 | D30: -1844 | E30: =+F30-SUM(B30:D30) -> -2295 | F30: -10723 | G30: -4172 | H30: -8600 | I30: -6020 | J30: =+K30-SUM(G30:I30) -> 3959 | K30: -14833 | L30: -3575 | M30: -587 | N30: -2143 | O30: =P30-SUM(L30:N30) -> -4157 | P30: -10462 | Q30: -5021.9913 | R30: -404.00866 | S30: -4060 | T30: =U30-SUM(Q30:S30) -> 3845 | U30: -5641 | V30: 266.94652 | W30: 1723.0535 | X30: -787
A31: Operating lease liabilities | B31: -6005 | C31: -5917 | D31: -5909 | E31: =+F31-SUM(B31:D31) -> -5396 | F31: -23227 | G31: -5453 | H31: -5376 | I31: -4793 | J31: =+K31-SUM(G31:I31) -> -4559 | K31: -20181 | L31: -4616 | M31: -5029 | N31: -5535 | O31: =P31-SUM(L31:N31) -> -5309 | P31: -20489 | Q31: -5840 | R31: -6410 | S31: -6645 | T31: =U31-SUM(Q31:S31) -> -6028 | U31: -24923 | V31: -5984 | W31: -6058 | X31: -6823
A32: Payment of contingent consideration | B32: 0 | C32: 0 | D32: 0 | E32: 0 | F32: 0 | G32: 0 | H32: 0 | I32: 0 | J32: 0 | K32: 0 | L32: -11000 | M32: 0 | N32: 0 | O32: =P32-SUM(L32:N32) -> 0 | P32: -11000 | Q32: 0 | R32: 0 | S32: 0 | T32: =U32-SUM(Q32:S32) -> 0 | U32: 0 | V32: 0 | W32: 0 | X32: 0
A33: Net cash provided by/(used for) operating activities | B33: =SUM(B8:B32) -> -26870 | C33: =SUM(C8:C32) -> 79878 | D33: =SUM(D8:D32) -> 48081 | E33: =SUM(E8:E32) -> 65052 | F33: =SUM(F8:F32) -> 166141 | G33: =SUM(G8:G32) -> 16025 | H33: =SUM(H8:H32) -> 47534 | I33: =SUM(I8:I32) -> 68601 | ... X33: =SUM(X8:X32) -> 119193
A35: Cash flows from investing activities:
A36: Purchase of property and equipment | B36: -16101 | C36: -8953 | D36: -7045 | E36: =+F36-SUM(B36:D36) -> -12737 | F36: -44836 | G36: -12479 | H36: -13634 | I36: -14993 | J36: =+K36-SUM(G36:I36) -> -11697 | K36: -52803 | L36: -11266 | M36: -12063 | N36: -12859 | O36: =P36-SUM(L36:N36) -> -10074 | P36: -46262 | Q36: -12940 | R36: -14426 | S36: -14361 | T36: =U36-SUM(Q36:S36) -> -10871 | U36: -52598 | V36: -12933 | W36: -14507 | X36: -16685
A37: Proceeds from sale of property and equipment | B37: 63 | C37: 91 | D37: 43 | E37: =+F37-SUM(B37:D37) -> 69 | F37: 266 | G37: 565 | H37: -18 | I37: 93 | J37: =+K37-SUM(G37:I37) -> 99 | K37: 739 | L37: 62 | M37: 28 | N37: 82 | O37: =P37-SUM(L37:N37) -> 43 | P37: 215 | Q37: 95 | R37: 85 | S37: 135 | T37: =U37-SUM(Q37:S37) -> 36 | U37: 351 | V37: 121 | W37: 45 | X37: 94
A38: Investment in equity affiliate | B38: 0 | C38: 0 | D38: 0 | E38: =+F38-SUM(B38:D38) -> 0 | F38: 0 | G38: 0 | H38: 0 | I38: -600 | J38: =+K38-SUM(G38:I38) -> 0 | K38: -600 | L38: 0 | M38: 0 | N38: -600 | O38: =P38-SUM(L38:N38) -> 0 | P38: -600 | Q38: -600 | R38: 0 | S38: -574 | T38: =U38-SUM(Q38:S38) -> 0 | U38: -1174 | V38: 0 | W38: -600 | X38: 0
A39: Business acquisition (net of cash and cash equivalents acquired) | B39: -1367 | C39: -1205 | D39: -750 | E39: =+F39-SUM(B39:D39) -> -550 | F39: -3872 | G39: 0 | H39: 0 | I39: 0 | J39: =+K39-SUM(G39:I39) -> 0 | K39: 0 | L39: 0 | N39: -24466 | O39: =P39-SUM(L39:N39) -> 167 | P39: -24299 | Q39: 0 | R39: 0 | S39: 0 | T39: =U39-SUM(Q39:S39) -> 0 | U39: 0 | V39: 0 | W39: 0 | X39: -153838
A40: Purchase of investments | B40: -36804 | C40: -59278 | D40: -68231 | E40: =+F40-SUM(B40:D40) -> -48294 | F40: -212607 | G40: -51495 | H40: -62328 | I40: -51198 | J40: =+K40-SUM(G40:I40) -> -70348 | K40: -235369 | L40: -64932 | M40: -93556.639 | N40: -67066.361 | O40: =P40-SUM(L40:N40) -> -63457 | P40: -289012 | Q40: -90185 | R40: -54750 | S40: -102354 | T40: =U40-SUM(Q40:S40) -> -66222 | U40: -313511 | V40: -44942 | W40: -92369 | X40: -67779
A41: Proceeds from redemption of investments | B41: 49515 | C41: 33052 | D41: 41788 | E41: =+F41-SUM(B41:D41) -> 40148 | F41: 164503 | G41: 106750 | H41: 44428 | I41: 66347 | J41: =+K41-SUM(G41:I41) -> 58511 | K41: 276036 | L41: 80825 | M41: 59019 | N41: 52318 | O41: =P41-SUM(L41:N41) -> 48697 | P41: 240859 | Q41: 81362 | R41: 55072 | S41: 70832 | T41: =U41-SUM(Q41:S41) -> 110406 | U41: 317672 | V41: 101779 | W41: 57220 | X41: 45648
A42: Net cash provided by/(used for) investing activities | B42: =SUM(B36:B41) -> -4694 | C42: =SUM(C36:C41) -> -36293 | D42: =SUM(D36:D41) -> -34195 | E42: =SUM(E36:E41) -> -21364 | F42: =SUM(F36:F41) -> -96546 | G42: =SUM(G36:G41) -> 43341 | H42: =SUM(H36:H41) -> -31552 | I42: =SUM(I36:I41) -> -351 | ... X42: =SUM(X36:X41) -> -192560
A44: Cash flows from financing activities:
A45: Proceeds from borrowings | B45: 35000 | C45: 0 | D45: 0 | E45: =+F45-SUM(B45:D45) -> 0 | F45: 35000 | G45: 50000 | H45: 20000 | I45: 0 | J45: =+K45-SUM(G45:I45) -> 10000 | K45: 80000 | L45: 180000 | M45: 0 | N45: 110000 | O45: =P45-SUM(L45:N45) -> 0 | P45: 290000 | Q45: 50000 | R45: 0 | S45: 125000 | T45: =U45-SUM(Q45:S45) -> 60000 | U45: 235000 | V45: 175000 | W45: 0 | X45: 707000
A46: Repayment of borrowings | B46: 0 | C46: -10000 | D46: -15000 | E46: =+F46-SUM(B46:D46) -> -20000 | F46: -45000 | G46: -100000 | H46: 0 | I46: -10000 | J46: =+K46-SUM(G46:I46) -> -20000 | K46: -130000 | L46: -35000 | M46: -10000 | N46: -100000 | O46: =P46-SUM(L46:N46) -> -56250 | P46: -201250 | Q46: -31250 | R46: -47250 | S46: -30250 | T46: =U46-SUM(Q46:S46) -> -116250 | U46: -225000 | V46: -56250 | W46: -36250 | X46: -575750
A47: Payment of contingent consideration | B47: 0 | C47: 0 | D47: 0 | E47: 0 | F47: 0 | G47: 0 | H47: -5000 | I47: 0 | J47: 0 | K47: -5000 | L47: -4000 | M47: 0 | N47: 0 | O47: =P47-SUM(L47:N47) -> 0 | P47: -4000 | Q47: 0 | R47: 0 | S47: 0 | T47: =U47-SUM(Q47:S47) -> 0 | U47: 0 | V47: 0 | W47: 0 | X47: 0
A48: Payment of debt issuance cost | B48: 0 | C48: 0 | D48: 0 | E48: =+F48-SUM(B48:D48) -> 0 | F48: 0 | G48: 0 | H48: 0 | I48: 0 | J48: =+K48-SUM(G48:I48) -> 0 | K48: 0 | L48: 0 | M48: 0 | N48: -593 | O48: =P48-SUM(L48:N48) -> -29 | P48: -622 | Q48: 0 | R48: 0 | S48: =0 -> 0 | T48: =U48-SUM(Q48:S48) -> 0 | U48: 0 | V48: 0 | W48: 0 | X48: -3518
A49: Principal payments on finance lease obligations | B49: -39 | C49: -36 | D49: -33 | E49: =+F49-SUM(B49:D49) -> -34 | F49: -142 | G49: -43 | H49: -37 | I49: -40 | J49: =+K49-SUM(G49:I49) -> -49 | K49: -169 | L49: -60 | M49: -72 | N49: -90 | O49: =P49-SUM(L49:N49) -> -104 | P49: -326 | Q49: -116 | R49: -131 | S49: -118 | T49: =U49-SUM(Q49:S49) -> -146 | U49: -511 | V49: -153 | W49: -124 | X49: -232
A50: Proceeds from issuance of common stock | B50: 0 | C50: 0 | D50: 0 | E50: =+F50-SUM(B50:D50) -> 0 | F50: 0 | G50: 0 | H50: 85 | I50: 0 | J50: =+K50-SUM(G50:I50) -> 0 | K50: 85 | L50: 0 | O50: =P50-SUM(L50:N50) -> 0 | P50: 0 | Q50: 0 | R50: 0 | S50: =0-SUM(Q50:R50) -> 0 | T50: =U50-SUM(Q50:S50) -> 0 | U50: =0 -> 0 | V50: 0 | W50: 0 | X50: 0
A51: Proceeds from ESPP contribution | B51: 0 | C51: 0 | D51: 0 | E51: =+F51-SUM(B51:D51) -> 1060 | F51: 1060 | G51: 1102 | H51: 2698 | I51: 805 | J51: =+K51-SUM(G51:I51) -> 876 | K51: 5481 | L51: 1514 | M51: 960 | N51: 1050 | O51: =P51-SUM(L51:N51) -> 1499 | P51: 5023 | Q51: 2765 | R51: 1103 | S51: 1226 | T51: =U51-SUM(Q51:S51) -> 1143 | U51: 6237 | V51: 2787 | W51: 833 | X51: 963
A52: Acquisition of treasury stock | B52: -31385 | C52: -28806 | D52: -11521 | E52: =+F52-SUM(B52:D52) -> -930 | F52: -72642 | G52: -42363 | H52: -28275 | I52: -29904 | J52: =+K52-SUM(G52:I52) -> -31305 | K52: -131847 | L52: -152227 | M52: -8420 | N52: -35233 | O52: =P52-SUM(L52:N52) -> -12046 | P52: -207926 | Q52: -17994 | R52: -41679 | S52: -159235 | T52: =U52-SUM(Q52:S52) -> -109582 | U52: -328490 | V52: -165988 | W52: -20617 | X52: -25834
A53: Net cash provided by/(used for) financing activities | B53: =SUM(B45:B52) -> 3576 | C53: =SUM(C45:C52) -> -38842 | D53: =SUM(D45:D52) -> -26554 | E53: =SUM(E45:E52) -> -19904 | F53: =SUM(F45:F52) -> -81724 | G53: =SUM(G45:G52) -> -91304 | H53: =SUM(H45:H52) -> -10529 | I53: =SUM(I45:I52) -> -39139 | ... X53: =SUM(X45:X52) -> 102629
A55: Effect of exchange rate changes on cash, cash equivalents and restricted cash | B55: -753 | C55: -4612 | D55: -4261 | E55: =+F55-SUM(B55:D55) -> 3566 | F55: -6060 | G55: 1282 | H55: 242 | I55: -1812 | J55: =+K55-SUM(G55:I55) -> 2317 | K55: 2029 | L55: -1212 | M55: -632 | N55: 3174 | O55: =P55-SUM(L55:N55) -> -5658 | P55: -4328 | Q55: 2700 | R55: 4646 | S55: -1709 | T55: =U55-SUM(Q55:S55) -> 241 | U55: 5878 | V55: -2331 | W55: 471 | X55: -960
T56: =U56-SUM(Q56:S56) -> 0
A57: Net (decrease)/increase in cash, cash equivalents and restricted cash | B57: =B53+B42+B33+B55 -> -28741 | C57: =C53+C42+C33+C55 -> 131 | D57: =D53+D42+D33+D55 -> -16929 | E57: =E53+E42+E33+E55 -> 27350 | F57: =F53+F42+F33+F55 -> -18189 | G57: =G53+G42+G33+G55 -> -30656 | H57: =H53+H42+H33+H55 -> 5695 | I57: =I53+I42+I33+I55 -> 27299 | ... S57: =S53+S42+S33+S55 -> 9308 | T57: =U57-SUM(Q57:S57) -> -13864 | U57: =U53+U42+U33+U55 -> -5429 | V57: =V53+V42+V33+V55 -> -1191.2863 | W57: =W53+W42+W33+W55 -> -18005.714 | X57: =ROUNDDOWN(X53+X42+X33+X55,0) -> 28302
A58: Cash, cash equivalents and restricted cash at the beginning of the period | B58: 143810.48 | C58: =B59 -> 115069.48 | D58: =C59 -> 115200.48 | E58: =D59 -> 98271.476 | F58: 143810.48 | G58: =F59 -> 125621.48 | H58: =G59 -> 94965.476 | I58: =H59 -> 100660.48 | J58: =I59 -> 127959.48 | K58: =F59 -> 125621.48 | L58: =K59 -> 145401.48 | M58: =L59 -> 117232.48 | N58: =M59 -> 127405.84 | O58: =N59 -> 163264.48 | P58: =K59 -> 145401.48 | Q58: =O59 -> 171398.48 | R58: =Q59 -> 158478.16 | S58: =R59 -> 170525.48 | T58: =S59 -> 179833.48 | U58: =P59 -> 171398.48 | V58: =T59 -> 165969.48 | W58: =V59 -> 164778.19 | X58: =W59 -> 146772.48
A59: Cash, cash equivalents and restricted cash at the end of the period | B59: =SUM(B57:B58) -> 115069.48 | C59: =SUM(C57:C58) -> 115200.48 | D59: =SUM(D57:D58) -> 98271.476 | E59: =SUM(E57:E58) -> 125621.48 | F59: =SUM(F57:F58) -> 125621.48 | G59: =SUM(G57:G58) -> 94965.476 | H59: =SUM(H57:H58) -> 100660.48 | I59: =SUM(I57:I58) -> 127959.48 | ... X59: =SUM(X57:X58) -> 175074.48

Sheet Revenue & Margin (till 2024)
Q1: Back
C2: 2022 | H2: 2023 | M2: 2024
C3: 2022 | D3: 2022 | E3: 2022 | F3: 2022 | G3: 2022 | H3: 2023 | I3: 2023 | J3: 2023 | K3: 2023 | L3: 2023 | M3: 2024 | N3: 2024 | O3: 2024 | P3: 2024 | Q3: 2024
C4: Q1 | D4: Q2 | E4: Q3 | F4: Q4 | G4: FY 22 | H4: Q1 | I4: Q2 | J4: Q3 | K4: Q4 | L4: FY 23 | M4: Q1 | N4: Q2 | O4: Q3 | P4: Q4 | Q4: FY 24
A5: Revenue
A6: ($ in thousands)
B17: Digital Operations and Solutions(1) | C17: =C23+C29+C35 -> 180169 | D17: =D23+D29+D35 -> 185481 | E17: =E23+E29+E35 -> 195053 | F17: =F23+F29+F35 -> 203990 | G17: =G23+G29+G35 -> 764693 | H17: =H23+H29+H35 -> 218801 | I17: =I23+I29+I35 -> 222813 | J17: =J23+J29+J35 -> 227862 | ... Q17: =Q23+Q29+Q35 -> 1042174
B18: Y/Y revenue growth | C18: 0.13247597 | D18: 0.13333822 | E18: 0.14830274 | F18: 0.20699143 | G18: 0.15578707 | H18: =H17/C17-1 -> 0.2144209 | I18: =I17/D17-1 -> 0.20127129 | J18: =J17/E17-1 -> 0.16820556 | K18: =K17/F17-1 -> 0.1376293 | L18: =L17/G17-1 -> 0.17895809 | M18: =M17/H17-1 -> 0.12330839 | N18: =N17/I17-1 -> 0.14257247 | O18: =O17/J17-1 -> 0.17646207 | ... Q18: =Q17/L17-1 -> 0.1559918
B19: Y/Y constant currency revenue growth % | C19: 0.13961567 | D19: 0.1503327 | E19: 0.17187437 | F19: 0.22975035 | G19: 0.173573 | H19: 0.23247779 | I19: 0.2084382 | J19: 0.16420739 | K19: 0.13404309 | L19: 0.18297435 | M19: 0.12345031 | N19: 0.14323627 | O19: 0.17140955 | P19: 0.18060043 | Q19: 0.15517292
B20: GM | C20: =ROUND(C26+C32+C38,0) -> 68223 | D20: =ROUND(D26+D32+D38,0) -> 65928 | E20: =ROUND(E26+E32+E38,0) -> 70530 | F20: =ROUND(F26+F32+F38,0) -> 73310 | G20: =ROUND(G26+G32+G38,0) -> 277991 | H20: =ROUND(H26+H32+H38,0) -> 81698 | I20: =ROUND(I26+I32+I38,0) -> 83106 | J20: =ROUND(J26+J32+J38,0) -> 87295 | ... Q20: =ROUND(Q26+Q32+Q38,0) -> 392483
B21: GM% | C21: =C20/C17 -> 0.37866115 | D21: =D20/D17 -> 0.35544341 | E21: =E20/E17 -> 0.36159403 | F21: =F20/F17 -> 0.35938036 | G21: =G20/G17 -> 0.36353282 | H21: =H20/H17 -> 0.37338952 | I21: =I20/I17 -> 0.37298542 | J21: =J20/J17 -> 0.38310469 | ... Q21: =Q20/Q17 -> 0.37660026
B23: Insurance | C23: 103266 | D23: 108557 | E23: 116198 | F23: =G23-SUM(C23:E23) -> 120683 | G23: 448704 | H23: 125937 | I23: 128457 | J23: 136369 | K23: =L23-SUM(H23:J23) -> 139092 | L23: 529855 | M23: 145139 | N23: 149297 | O23: 157574 | P23: =Q23-SUM(M23:O23) -> 162018 | Q23: 614028
B24: Y/Y revenue growth | C24: 0.13279947 | D24: 0.14609529 | E24: 0.18559709 | F24: 0.23005341 | G24: 0.17462088 | H24: =H23/C23-1 -> 0.21953983 | I24: =I23/D23-1 -> 0.18331384 | J24: =J23/E23-1 -> 0.17359163 | K24: =K23/F23-1 -> 0.15254013 | L24: =L23/G23-1 -> 0.18085642 | M24: =M23/H23-1 -> 0.15247306 | N24: =N23/I23-1 -> 0.16223328 | O24: =O23/J23-1 -> 0.15549722 | ... Q24: =Q23/L23-1 -> 0.15886044
B25: Y/Y constant currency revenue growth % | C25: 0.13914166 | D25: 0.15940735 | E25: 0.2025665 | F25: 0.24575108 | G25: 0.18782069 | H25: 0.23277185 | I25: 0.19209485 | J25: 0.17591072 | K25: 0.15347103 | L25: 0.18687704 | M25: 0.15568993 | N25: 0.16232883 | O25: 0.15084871 | P25: 0.16607674 | Q25: 0.1587801
B26: GM | C26: 38184 | D26: 37912 | E26: 41157 | F26: =G26-SUM(C26:E26) -> 43717 | G26: 160970 | H26: 43613 | I26: 44135 | J26: 49934 | K26: =L26-SUM(H26:J26) -> 50388 | L26: 188070 | M26: 52847 | N26: 53773 | O26: 57247 | P26: =Q26-SUM(M26:O26) -> 59811 | Q26: 223678
B27: GM% | C27: =C26/C23 -> 0.36976352 | D27: =D26/D23 -> 0.34923589 | E27: =E26/E23 -> 0.35419715 | F27: =F26/F23 -> 0.36224655 | G27: =G26/G23 -> 0.35874429 | H27: =H26/H23 -> 0.34630807 | I27: =I26/I23 -> 0.34357801 | J27: =J26/J23 -> 0.36616826 | ... Q27: =Q26/Q23 -> 0.3642798
B29: Healthcare | C29: 26156 | D29: 23051 | E29: 22820 | F29: =G29-SUM(C29:E29) -> 25324 | G29: 97351 | H29: 26703 | I29: 27156 | J29: 26177 | K29: =L29-SUM(H29:J29) -> 25958 | L29: 105994 | M29: 26250 | N29: 28098 | O29: 30498 | P29: =Q29-SUM(M29:O29) -> 31560 | Q29: 116406
B30: Y/Y revenue growth | C30: -0.13576739 | D30: -0.1840354 | E30: -0.16535606 | F30: -0.045457972 | G30: -0.13378001 | H30: =H29/C29-1 -> 0.020912984 | I30: =I29/D29-1 -> 0.17808338 | J30: =J29/E29-1 -> 0.1471078 | K30: =K29/F29-1 -> 0.025035539 | L30: =L29/G29-1 -> 0.088781831 | M30: =M29/H29-1 -> -0.016964386 | N30: =N29/I29-1 -> 0.034688467 | O30: =O29/J29-1 -> 0.16506857 | ... Q30: =Q29/L29-1 -> 0.098231975
B31: Y/Y constant currency revenue growth % | C31: -0.13528862 | D31: -0.18351477 | E31: -0.16443188 | F31: -0.044418111 | G31: -0.13304964 | H31: 0.021960153 | I31: 0.17893811 | J31: 0.14755144 | K31: 0.025272453 | L31: 0.089431348 | M31: -0.016967092 | N31: 0.034689135 | O31: 0.16508865 | P31: 0.21577211 | Q31: 0.098227815
B32: GM | C32: 8505 | D32: 5357 | E32: 5701 | F32: =G32-SUM(C32:E32) -> 6837 | G32: 26400 | H32: 7894 | I32: 9616 | J32: 9644 | K32: =L32-SUM(H32:J32) -> 9567 | L32: 36721 | M32: 8933 | N32: 9296 | O32: 10244 | P32: =Q32-SUM(M32:O32) -> 9999 | Q32: 38472
B33: GM% | C33: =C32/C29 -> 0.3251644 | D33: =D32/D29 -> 0.23239773 | E33: =E32/E29 -> 0.24982472 | F33: =F32/F29 -> 0.26998105 | G33: =G32/G29 -> 0.27118366 | H33: =H32/H29 -> 0.29562221 | I33: =I32/I29 -> 0.35410222 | J33: =J32/J29 -> 0.36841502 | ... Q33: =Q32/Q29 -> 0.33049843
B35: Emerging | C35: 50747 | D35: 53873 | E35: 56035 | F35: =G35-SUM(C35:E35) -> 57983 | G35: 218638 | H35: 66161 | I35: 67200 | J35: 65316 | K35: =L35-SUM(H35:J35) -> 67015 | L35: 265692 | M35: 74392 | N35: 77185 | O35: 79999 | P35: =Q35-SUM(M35:O35) -> 80164 | Q35: 311740
B36: Y/Y revenue growth | C36: 0.3472178 | D36: 0.32398624 | E36: 0.25884573 | F36: 0.30695368 | G36: 0.30736205 | H36: =H35/C35-1 -> 0.30374209 | I36: =I35/D35-1 -> 0.24737809 | J36: =J35/E35-1 -> 0.16562862 | K36: =K35/F35-1 -> 0.15576979 | L36: =L35/G35-1 -> 0.21521419 | M36: =M35/H35-1 -> 0.12440864 | N36: =N35/I35-1 -> 0.14858631 | O36: =O35/J35-1 -> 0.22479944 | ... Q36: =Q35/L35-1 -> 0.17331346
B37: Y/Y constant currency revenue growth % | C37: 0.36164444 | D37: 0.36098382 | E37: 0.31086443 | F37: 0.35831525 | G37: 0.34708458 | H37: 0.3403831 | I37: 0.25399314 | J37: 0.14672165 | K37: 0.14111138 | L37: 0.21661558 | M37: 0.11875526 | N37: 0.1506041 | O37: 0.21687035 | P37: 0.19712123 | Q37: 0.17069665
B38: GM | C38: 21534 | D38: 22659 | E38: 23672 | F38: =G38-SUM(C38:E38) -> 22756 | G38: 90621 | H38: 30191 | I38: 29355 | J38: 27717 | K38: =L38-SUM(H38:J38) -> 27486 | L38: 114749 | M38: 33413 | N38: 32116 | O38: 32165 | P38: =Q38-SUM(M38:O38) -> 32639 | Q38: 130333
B39: GM% | C39: =C38/C35 -> 0.42434036 | D39: =D38/D35 -> 0.4206003 | E39: =E38/E35 -> 0.42245025 | F39: =F38/F35 -> 0.39245986 | G39: =G38/G35 -> 0.41447964 | H39: =H38/H35 -> 0.45632623 | I39: =I38/I35 -> 0.43683036 | J39: =J38/J35 -> 0.42435238 | ... Q39: =Q38/Q35 -> 0.41808238
B41: Analytics | C41: 149039 | D41: 161301 | E41: 166298 | F41: =G41-SUM(C41:E41) -> 170713 | G41: 647351 | H41: 181842 | I41: 182183 | J41: 183109 | K41: =L41-SUM(H41:J41) -> 181993 | L41: 729127 | M41: 190726 | N41: 193786 | O41: 204002 | P41: =Q41-SUM(M41:O41) -> 207684 | Q41: 796198
B42: Y/Y revenue growth | C42: 0.45656848 | D42: 0.44787936 | E42: 0.38049028 | F42: 0.34970193 | G42: 0.40523192 | H42: =H41/C41-1 -> 0.22009675 | I42: =I41/D41-1 -> 0.12945983 | J42: =J41/E41-1 -> 0.10108961 | K42: =K41/F41-1 -> 0.066075811 | L42: =L41/G41-1 -> 0.12632405 | M42: =M41/H41-1 -> 0.0488556 | N42: =N41/I41-1 -> 0.063688709 | O42: =O41/J41-1 -> 0.11410144 | ... Q42: =Q41/L41-1 -> 0.09198809
B43: Y/Y constant currency revenue growth % | C43: 0.4600032 | D43: 0.45982518 | E43: 0.3944506 | F43: 0.36177775 | G43: 0.41584968 | H43: 0.22708642 | I43: 0.12810373 | J43: 0.094307364 | K43: 0.062180305 | L43: 0.12482577 | M43: 0.04603238 | N43: 0.064228835 | O43: 0.11253231 | P43: 0.14160598 | Q43: 0.091134899
B44: GM | C44: 53469 | D44: 59647 | E44: 60359 | F44: =G44-SUM(C44:E44) -> 63983 | G44: 237458 | H44: 67476 | I44: 68670 | J44: 67674 | K44: =L44-SUM(H44:J44) -> 64406 | L44: 268226 | M44: 67890 | N44: 71075 | O44: 78611 | P44: =Q44-SUM(M44:O44) -> 80954 | Q44: 298530
B45: GM% | C45: =C44/C41 -> 0.35875845 | D45: =D44/D41 -> 0.36978692 | E45: =E44/E41 -> 0.36295686 | F45: =F44/F41 -> 0.37479864 | G45: =G44/G41 -> 0.36681491 | H45: =H44/H41 -> 0.37106939 | I45: =I44/I41 -> 0.37692869 | J45: =J44/J41 -> 0.36958314 | ... Q45: =Q44/Q41 -> 0.37494442
B47: Total Revenue | C47: =+C41+C17 -> 329208 | D47: =+D41+D17 -> 346782 | E47: =+E41+E17 -> 361351 | F47: =+F41+F17 -> 374703 | G47: =+G41+G17 -> 1412044 | H47: =+H41+H17 -> 400643 | I47: =+I41+I17 -> 404996 | J47: =+J41+J17 -> 410971 | ... Q47: =+Q41+Q17 -> 1838372
B51: (1) The Company's operations management services are a part of its digital operations and solutions business and they are referred to as “digital operations and solutions” or “digital solutions.”
B53: Revenue by Industry (2)
B54: Insurance | C54: 135664.44 | D54: 141898.91 | E54: 149334.61 | F54: 155864.81 | G54: 582762.76 | H54: 163576.44 | I54: 164400.45 | J54: 170789.64 | K54: 174131.53 | L54: 672898.06 | M54: 183059.98 | N54: 185661.3 | O54: 197045.95 | P54: 201548.45 | Q54: 767315.67
B55: % of revenue | C55: =C54/C$47 -> 0.41209338 | D55: =D54/D$47 -> 0.40918764 | E55: =E54/E$47 -> 0.41326745 | F55: =F54/$F$47 -> 0.41596893 | G55: =G54/G$47 -> 0.41270864 | H55: =H54/H$47 -> 0.40828477 | I55: =I54/I$47 -> 0.40593105 | J55: =J54/J$47 -> 0.4155759 | K55: =K54/K$47 -> 0.42054864 | L55: =L54/L$47 -> 0.41265179 | M55: =M54/M$47 -> 0.41937468 | N55: =N54/N$47 -> 0.41408424 | ... Q55: =Q54/Q$47 -> 0.41738868
B56: Sequential Growth | C56: 0.062061716 | D56: =D54/C54-1 -> 0.0459551 | E56: =E54/D54-1 -> 0.052401378 | F56: =F54/E54-1 -> 0.043728629 | G56: NA | H56: =H54/F54-1 -> 0.049476404 | I56: =I54/H54-1 -> 0.0050375072 | J56: =J54/I54-1 -> 0.038863584 | K56: =K54/J54-1 -> 0.019567264 | L56: NA | M56: =M54/K54-1 -> 0.051274183 | N56: =N54/M54-1 -> 0.014210172 | O56: =O54/N54-1 -> 0.061319455 | P56: =P54/O54-1 -> 0.022850012 | Q56: NA
B57: Year-Over-Year Growth | C57: 0.14611702 | D57: 0.15371628 | E57: 0.16085128 | F57: 0.22020219 | G57: 0.17081564 | H57: =H54/C54-1 -> 0.20574293 | I57: =I54/D54-1 -> 0.15857447 | J57: =J54/E54-1 -> 0.14367089 | K57: =K54/F54-1 -> 0.11719595 | L57: =L54/G54-1 -> 0.15466895 | M57: =M54/H54-1 -> 0.11910974 | N57: =N54/I54-1 -> 0.1293235 | O57: =O54/J54-1 -> 0.15373474 | ... Q57: =Q54/L54-1 -> 0.14031488
B58: Healthcare | C58: 69547.86 | D58: 71490.34 | E58: 71740.346 | F58: 76797.261 | G58: 289575.81 | H58: 82849.847 | I58: 88182.249 | J58: 92270.661 | K58: 93838.343 | L58: 357141.1 | M58: 97809.713 | N58: 102955.03 | O58: 108133.44 | P58: 109749.14 | Q58: 418647.32
B59: % of revenue | C59: =+C58/C$47 -> 0.21125811 | D59: =D58/D$47 -> 0.20615355 | E59: =E58/E$47 -> 0.19853368 | F59: =+F58/F$47 -> 0.20495502 | G59: =+G58/G$47 -> 0.20507563 | H59: =+H58/H$47 -> 0.2067922 | I59: =+I58/I$47 -> 0.2177361 | J59: =+J58/J$47 -> 0.22451867 | K59: =+K58/K$47 -> 0.22663091 | L59: =+L58/L$47 -> 0.21901521 | M59: =+M58/M$47 -> 0.22407364 | ... Q59: =+Q58/Q$47 -> 0.22772721
B60: Sequential Growth | C60: 0.028000107 | D60: =D58/C58-1 -> 0.027930119 | E60: =E58/D58-1 -> 0.0034970522 | F60: =F58/E58-1 -> 0.070489142 | G60: NA | H60: =H58/F58-1 -> 0.078812523 | I60: =I58/H58-1 -> 0.064362241 | J60: =J58/I58-1 -> 0.046363217 | K60: =K58/J58-1 -> 0.016990033 | L60: NA | M60: =M58/K58-1 -> 0.042321399 | N60: =N58/M58-1 -> 0.052605341 | O60: =O58/N58-1 -> 0.050297869 | P60: =P58/O58-1 -> 0.014941643 | Q60: NA
B61: Year-Over-Year Growth | C61: 0.1171099 | D61: 0.10754735 | E61: 0.092328691 | F61: 0.13515487 | G61: 0.11317355 | H61: =H58/C58-1 -> 0.19126378 | I61: =I58/D58-1 -> 0.23348481 | J61: =J58/E58-1 -> 0.28617531 | K61: =K58/F58-1 -> 0.221897 | L61: =L58/G58-1 -> 0.23332506 | M61: =M58/H58-1 -> 0.18056601 | N61: =N58/I58-1 -> 0.16752553 | O61: =O58/J58-1 -> 0.17191579 | ... Q61: =Q58/L58-1 -> 0.17221826
B62: Emerging Business | C62: 123995.45 | D62: 133393.12 | E62: 140276.3 | F62: 142040.53 | G62: 539705.41 | H62: 154216.78 | I62: 152413.46 | J62: 147910.47 | K62: 146088.12 | L62: 600628.83 | M62: 155637.76 | N62: 159749.21 | O62: 166894.04 | P62: 170127.55 | Q62: 652408.56
B63: % of revenue | C63: =+C62/C$47 -> 0.37664775 | D63: =D62/D$47 -> 0.38465988 | E63: =E62/E$47 -> 0.38819957 | F63: =+F62/F$47 -> 0.37907499 | G63: =+G62/G$47 -> 0.38221572 | H63: =+H62/H$47 -> 0.38492318 | I63: =+I62/I$47 -> 0.37633325 | J63: =+J62/J$47 -> 0.35990489 | K63: =+K62/K$47 -> 0.35282042 | L63: =+L62/L$47 -> 0.368333 | M63: =+M62/M$47 -> 0.35655273 | ... Q63: =+Q62/Q$47 -> 0.35488386
B64: Sequential Growth | C64: 0.23872992 | D64: =D62/C62-1 -> 0.07579043 | E64: =E62/D62-1 -> 0.051600721 | F64: =F62/E62-1 -> 0.012576832 | G64: NA | H64: =H62/F62-1 -> 0.085723709 | I64: =I62/H62-1 -> -0.011693367 | J64: =J62/I62-1 -> -0.029544559 | K64: =K62/J62-1 -> -0.012320676 | L64: NA | M64: =M62/K62-1 -> 0.065369083 | N64: =N62/M62-1 -> 0.026416784 | O64: =O62/N62-1 -> 0.044725262 | P64: =P62/O62-1 -> 0.019374626 | Q64: NA
B65: Year-Over-Year Growth | C65: 0.53480855 | D65: 0.52409419 | E65: 0.46111431 | F65: 0.41900252 | G65: 0.48101051 | H65: =H62/C62-1 -> 0.24372928 | I65: =I62/D62-1 -> 0.14258862 | J65: =J62/E62-1 -> 0.054422385 | K65: =K62/F62-1 -> 0.028495968 | L65: =L62/G62-1 -> 0.11288272 | M65: =M62/H62-1 -> 0.0092142205 | N65: =N62/I62-1 -> 0.048130591 | O65: =O62/J62-1 -> 0.12834496 | ... Q65: =Q62/L62-1 -> 0.086209201
B68: Revenue by Geography
B69: United States | C69: 0.85775196 | D69: 0.86082951 | E69: 0.85969496 | F69: 0.85915004 | G69: 0.8593762 | H69: 0.84632204 | I69: 0.84118115 | J69: 0.83493726 | K69: 0.84003506 | L69: 0.84057982 | M69: 0.83001082 | N69: 0.82689024 | O69: 0.82204887 | P69: 0.82623647 | Q69: 0.82621678
B70: United Kingdom | C70: 0.099550596 | D70: 0.092536941 | E70: 0.094454489 | F70: 0.095104276 | G70: 0.095344054 | H70: 0.10376819 | I70: 0.1077739 | J70: 0.11272572 | K70: 0.11092596 | L70: 0.10883836 | M70: 0.11546665 | N70: 0.11813254 | O70: 0.12000201 | P70: 0.11619651 | Q70: 0.1174726
B71: Rest of world | C71: 0.042697448 | D71: 0.046633547 | E71: 0.045850547 | F71: 0.045745684 | G71: 0.04527975 | H71: 0.04990977 | I71: 0.051044949 | J71: 0.052337026 | K71: 0.049038983 | L71: 0.05058182 | M71: 0.05452253 | N71: 0.05497722 | O71: 0.057949114 | P71: 0.057567022 | Q71: 0.056310613
B74: (2) Revenue by Industry includes all solutions offered by EXL for each vertical listed.
B75: For example, Insurance will include revenue from both Digital operations and Insurance clients in Analytics.

Sheet Revenue & Margin (eff. 2025)
V1: Back
C2: 2022 | H2: 2023 | M2: 2024 | R2: 2025 | W2: 2026
C3: 2022 | D3: 2022 | E3: 2022 | F3: 2022 | G3: 2022 | H3: 2023 | I3: 2023 | J3: 2023 | K3: 2023 | L3: 2023 | M3: 2024 | N3: 2024 | O3: 2024 | P3: 2024 | Q3: 2024 | R3: 2025 | S3: 2025 | T3: 2025 | U3: 2025 | V3: 2025 | W3: 2026 | X3: 2026 | Y3: 2026
C4: Q1 | D4: Q2 | E4: Q3 | F4: Q4 | G4: FY 22 | H4: Q1 | I4: Q2 | J4: Q3 | K4: Q4 | L4: FY 23 | M4: Q1 | N4: Q2 | O4: Q3 | P4: Q4 | Q4: FY 24 | R4: Q1 | S4: Q2 | T4: Q3 | U4: Q4 | V4: FY 25 | W4: Q1 | X4: Q2 | Y4: Q3
A5: Revenue
A6: ($ in thousands)
B7: Revenue by Service-type (1)
B8: Data and AI-Led | C8: 157633.06 | D8: 171421.17 | E8: 176896.73 | F8: 185016.02 | G8: =SUM(C8:F8) -> 690966.98 | H8: 198819.98 | I8: 203113.61 | J8: 214786 | K8: 218017.07 | L8: =SUM(H8:K8) -> 834736.65 | M8: 231723.83 | N8: 237403.34 | O8: 253616 | P8: 256988 | Q8: =ROUNDDOWN(SUM(M8:P8),0) -> 979731 | R8: 267928.81 | S8: 278770 | T8: 298470 | U8: =V8-SUM(R8:T8) -> 310173.19 | V8: 1155342 | W8: 341622 | X8: 362558 | Y8: 406886
B9: Y/Y revenue growth % | H9: =IFERROR(H8/C8-1,"") -> 0.26128352 | I9: =IFERROR(I8/D8-1,"") -> 0.1848805 | J9: =IFERROR(J8/E8-1,"") -> 0.21418867 | K9: =IFERROR(K8/F8-1,"") -> 0.17836859 | L9: =IFERROR(L8/G8-1,"") -> 0.20807025 | M9: =IFERROR(M8/H8-1,"") -> 0.16549572 | N9: =IFERROR(N8/I8-1,"") -> 0.16882046 | O9: =IFERROR(O8/J8-1,"") -> 0.18078459 | ... Y9: =IFERROR(Y8/T8-1,"") -> 0.36323919
B10: Y/Y constant currency revenue growth % | H10: 0.2710669 | I10: 0.18329519 | J10: 0.20233819 | K10: 0.17132138 | L10: 0.20498801 | M10: 0.1620647 | N10: 0.16919095 | O10: 0.17779872 | P10: 0.1787224 | Q10: 0.17219789 | R10: 0.15948242 | S10: 0.17319008 | T10: 0.17900244 | U10: 0.20685881 | V10: 0.18028401 | W10: 0.27102302 | X10: 0.30653131 | Y10: 0.36729019
B11: Sequential constant currency revenue growth % | H11: 0.071363021 | I11: 0.018693544 | J11: 0.057208437 | K11: 0.015928235 | L11: NA | M11: 0.061613623 | N11: 0.025749208 | O11: 0.064867343 | P11: 0.016624699 | Q11: NA | R11: 0.044106427 | S11: 0.037033688 | T11: 0.072350485 | U11: 0.039941159 | V11: NA | W11: 0.10227639 | X11: 0.06273938 | Y11: 0.12275321
B13: Digital Operations | C13: 171574.69 | D13: 175361.2 | E13: 184454.53 | F13: 189686.58 | G13: =SUM(C13:F13) -> 721077 | H13: 201823.08 | I13: 201882 | J13: 196185 | K13: 196040.88 | L13: =SUM(H13:K13) -> 795930.96 | M13: 204783 | N13: 210963 | O13: 218456.94 | P13: 224438 | Q13: =(SUM(M13:P13)) -> 858640.94 | R13: 233090 | S13: 235690 | T13: 231115 | U13: =V13-SUM(R13:T13) -> 232442 | V13: 932337 | W13: 228729 | X13: 232205 | Y13: 227073
B14: Y/Y revenue growth % | H14: =IFERROR(H13/C13-1,"") -> 0.17629864 | I14: =IFERROR(I13/D13-1,"") -> 0.1512353 | J14: =IFERROR(J13/E13-1,"") -> 0.063595458 | K14: =IFERROR(K13/F13-1,"") -> 0.033498969 | L14: =IFERROR(L13/G13-1,"") -> 0.10380856 | M14: =IFERROR(M13/H13-1,"") -> 0.014665924 | N14: =IFERROR(N13/I13-1,"") -> 0.044981722 | O14: =IFERROR(O13/J13-1,"") -> 0.11352519 | ... Y14: =IFERROR(Y13/T13-1,"") -> -0.017489129
B15: Y/Y constant currency revenue growth % | H15: 0.19234107 | I15: 0.15912255 | J15: 0.064610242 | K15: 0.033008087 | L15: 0.10967431 | M15: 0.015657018 | N15: 0.045825209 | O15: 0.10947139 | P15: 0.14643093 | Q15: 0.078642858 | R15: 0.14239501 | S15: 0.11553222 | T15: 0.058642512 | U15: 0.034356029 | V15: 0.086246487 | W15: -0.024084779 | X15: -0.014602289 | Y15: -0.018136629
B16: Sequential constant currency revenue growth % | H16: 0.061184962 | I16: 0.00084216305 | J16: -0.027429468 | K16: -0.00072095187 | L16: NA | M16: 0.044712533 | N16: 0.030310822 | O16: 0.031534737 | P16: 0.032687025 | Q16: NA | R16: 0.041031184 | S16: 0.0056062814 | T16: -0.018853693 | U16: 0.0061287085 | V16: NA | W16: -0.017575725 | X16: 0.015939398 | Y16: -0.021846123
B18: Total Revenue | C18: =C13+C8 -> 329207.75 | D18: =D13+D8 -> 346782.37 | E18: =E13+E8 -> 361351.26 | F18: =F13+F8 -> 374702.6 | G18: =G13+G8 -> 1412044 | H18: =H13+H8 -> 400643.06 | I18: =I13+I8 -> 404995.61 | J18: =J13+J8 -> 410971 | ... Y18: =Y13+Y8 -> 633959
B20: Additional Revenue Metrics
B21: Data and AI-Led excluding Data and AI-Led Operations | C21: 152406 | D21: 165137.44 | E21: 170357 | F21: 177644 | G21: 665543.99 | H21: 189003.8 | I21: 188419.58 | J21: 188015 | K21: 186740.11 | L21: 752179 | M21: 196779.81 | N21: 200259.04 | O21: 209962.63 | P21: 214630.03 | Q21: 821631.51 | R21: 219767 | S21: 226908.16 | T21: 237623.76 | U21: 246647 | V21: 930946.47 | W21: 259613.9 | X21: 277336.63 | Y21: 307795
B22: Y/Y revenue growth % | H22: 0.24013056 | I22: 0.14098645 | J22: 0.10366648 | K22: 0.051201816 | L22: 0.13017241 | M22: 0.041142061 | N22: 0.062835611 | O22: 0.11672766 | P22: 0.14935155 | Q22: 0.092334419 | R22: 0.11681477 | S22: 0.13307328 | T22: 0.13174314 | U22: 0.14917722 | V22: 0.13304621 | W22: =IFERROR(W21/R21-1,"") -> 0.1813143 | X22: =IFERROR(X21/S21-1,"") -> 0.22224177 | Y22: =IFERROR(Y21/T21-1,"") -> 0.29530396
B23: Y/Y constant currency revenue growth % | H23: 0.24751888 | I23: 0.13972026 | J23: 0.096729501 | K23: 0.047383634 | L23: 0.12875538 | M23: 0.038443707 | N23: 0.063248596 | O23: 0.11484448 | P23: 0.14960958 | Q23: 0.09135318 | R23: 0.11933921 | S23: 0.13225031 | T23: 0.13274017 | U23: 0.14775903 | V23: 0.13333455 | W23: 0.17789937 | X23: 0.22471801 | Y23: 0.29699003
B24: Sequential constant currency revenue growth % | H24: 0.061838134 | I24: -0.0053764916 | J24: -0.0023464435 | K24: -0.0060996873 | L24: NA | M24: 0.052737921 | N24: 0.018936723 | O24: 0.045941805 | P24: 0.024967966 | Q24: NA | R24: 0.024735172 | S24: 0.029466256 | T24: 0.048051117 | U24: 0.038309235 | V24: NA | W24: 0.05285591 | X24: 0.069140046 | Y24: 0.11018987
B26: Total Operations (Data & AI-Led Operations and Digital Operations) | C26: =C84-C21 -> 176801.75 | D26: =D84-D21 -> 181644.93 | E26: =E84-E21 -> 190994.26 | F26: =F84-F21 -> 197058.6 | G26: =G84-G21 -> 746499.99 | H26: =H84-H21 -> 211639.25 | I26: =I84-I21 -> 216576.09 | J26: =J84-J21 -> 222956 | ... V26: =V84-V21 -> 1156732.5 | W26: =W18-W21 -> 310737.1 | X26: =X18-X21 -> 317426.37 | Y26: =Y18-Y21 -> 326164
B27: Y/Y revenue growth % | H27: 0.19704531 | I27: 0.19230733 | J27: 0.1673217 | K27: 0.15355683 | L27: 0.17680758 | M27: 0.13271826 | N27: 0.14558319 | O27: 0.17563168 | P27: 0.17366545 | Q27: 0.15737651 | R27: 0.1732177 | S27: 0.15900008 | T27: 0.11389374 | U27: 0.10934211 | V27: 0.13769375 | W27: =IFERROR(W26/R26-1,"") -> 0.10483376 | X27: =IFERROR(X26/S26-1,"") -> 0.10389267 | Y27: =IFERROR(Y26/T26-1,"") -> 0.1171483
B28: Y/Y constant currency revenue growth % | H28: 0.2149673 | I28: 0.19957371 | J28: 0.16352315 | K28: 0.14990979 | L28: 0.18088574 | M28: 0.13284699 | N28: 0.14636402 | O28: 0.17076431 | P28: 0.17478996 | Q28: 0.15665571 | R28: 0.17783722 | S28: 0.15720876 | T28: 0.11574631 | U28: 0.10928721 | V28: 0.13880899 | W28: 0.099215425 | X28: 0.10787463 | Y28: 0.11940603
B29: Sequential constant currency revenue growth % | H29: 0.07015223 | I29: 0.023165799 | J29: 0.030125109 | K29: 0.019854145 | L29: NA | M29: 0.054329317 | N29: 0.035237907 | O29: 0.051800737 | P29: 0.023328552 | Q29: NA | R29: 0.057103109 | S29: 0.01690099 | T29: 0.016756087 | U29: 0.014497574 | V29: NA | W29: 0.049334286 | X29: 0.022943052 | Y29: 0.027951849
B31: Total Revenue | C31: =C26+C21 -> 329207.75 | D31: =D26+D21 -> 346782.37 | E31: =E26+E21 -> 361351.26 | F31: =F26+F21 -> 374702.6 | G31: =G26+G21 -> 1412044 | H31: =H26+H21 -> 400643.06 | I31: =I26+I21 -> 404995.66 | J31: =J26+J21 -> 410971 | ... Y31: =Y26+Y21 -> 633959
B33: Revenue by Reportable Segments (1)
B34: Insurance | C34: 120458.25 | D34: 126076.75 | E34: 132173.8 | F34: 137030.08 | G34: =SUM(C34:F34) -> 515738.88 | H34: 142481.26 | I34: 143640.07 | J34: 149070 | K34: 151211.69 | L34: =SUM(H34:K34) -> 586403.02 | M34: 158267.11 | N34: 158459 | O34: 166416 | P34: 173277 | Q34: =ROUNDDOWN(SUM(M34:P34),0) -> 656419 | R34: 172056 | S34: 172174 | T34: 180547 | U34: =V34-SUM(R34:T34) -> 185798 | V34: 710575 | W34: 193930 | X34: 197783 | Y34: 208493
B35: Y/Y revenue growth % | H35: =IFERROR(H34/C34-1,"") -> 0.18282694 | I35: =IFERROR(I34/D34-1,"") -> 0.13930659 | J35: =IFERROR(J34/E34-1,"") -> 0.12783321 | K35: =IFERROR(K34/F34-1,"") -> 0.10349267 | L35: =IFERROR(L34/G34-1,"") -> 0.13701535 | M35: =IFERROR(M34/H34-1,"") -> 0.11079246 | N35: =IFERROR(N34/I34-1,"") -> 0.1031671 | O35: =IFERROR(O34/J34-1,"") -> 0.11636144 | ... Y35: =IFERROR(Y34/T34-1,"") -> 0.15478518
B36: Y/Y constant currency revenue growth % | H36: 0.18363954 | I36: 0.13927223 | J36: 0.12724862 | K36: 0.1030943 | L36: 0.13694109 | M36: 0.11059058 | N36: 0.10313859 | O36: 0.11610686 | P36: 0.14584562 | Q36: 0.11925848 | R36: 0.087239218 | S36: 0.086378446 | T36: 0.085042973 | U36: 0.072261437 | V36: 0.082497214 | W36: 0.12638787 | X36: 0.1488788 | Y36: 0.15502348
B37: Sequential constant currency revenue growth % | H37: 0.039522593 | I37: 0.007973659 | J37: 0.037769691 | K37: 0.014392626 | L37: NA | M37: 0.046575171 | N37: 0.0012371867 | O37: 0.049983761 | P37: 0.041412843 | Q37: NA | R37: -0.0069832277 | S37: 0.00034604715 | T37: 0.048761406 | U37: 0.02912966 | V37: NA | W37: 0.043728545 | X37: 0.020036934 | Y37: 0.054302788
B38: GM% | H38: 0.33759544 | I38: 0.33520346 | J38: 0.35297986 | K38: 0.34545695 | L38: 0.34294758 | M38: 0.33832535 | N38: 0.3403928 | O38: 0.35914585 | P38: 0.3707093 | Q38: 0.35265136 | R38: 0.36551924 | S38: 0.34770639 | T38: 0.36630905 | U38: 0.36527022 | V38: 0.36133976 | W38: 0.377 | X38: 0.34580323 | Y38: 0.36164284
B40: Healthcare and Life Sciences | C40: 71514.54 | D40: 73524.283 | E40: 75072.964 | F40: 80180.399 | G40: =SUM(C40:F40) -> 300292.19 | H40: 86502.391 | I40: 89791.424 | J40: 94185 | K40: 95913.623 | L40: =SUM(H40:K40) -> 366392.44 | M40: 100655.57 | N40: 106117.07 | O40: 111197 | P40: 112709 | Q40: =ROUND(SUM(M40:P40),0) -> 430679 | R40: 125592 | S40: 129489 | T40: 135271 | U40: =V40-SUM(R40:T40) -> 142232 | V40: 532584 | W40: 151920 | X40: 157968 | Y40: 160399
B41: Y/Y revenue growth % | H41: =IFERROR(H40/C40-1,"") -> 0.20957769 | I41: =IFERROR(I40/D40-1,"") -> 0.22124854 | J41: =IFERROR(J40/E40-1,"") -> 0.25457947 | K41: =IFERROR(K40/F40-1,"") -> 0.19622282 | L41: =IFERROR(L40/G40-1,"") -> 0.22011979 | M41: =IFERROR(M40/H40-1,"") -> 0.16361601 | N41: =IFERROR(N40/I40-1,"") -> 0.18181742 | O41: =IFERROR(O40/J40-1,"") -> 0.18062324 | ... Y41: =IFERROR(Y40/T40-1,"") -> 0.18576044
B42: Y/Y constant currency revenue growth % | H42: 0.20996232 | I42: 0.22150446 | J42: 0.25464129 | K42: 0.19625669 | L42: 0.22029854 | M42: 0.16359273 | N42: 0.18181368 | O42: 0.18061668 | P42: 0.17508881 | Q42: 0.17544372 | R42: 0.24774135 | S42: 0.22024753 | T42: 0.21649073 | U42: 0.26194588 | V42: 0.23661568 | W42: 0.20963343 | X42: 0.21993007 | Y42: 0.18576394
B43: Sequential constant currency revenue growth % | H43: 0.078844404 | I43: 0.038013805 | J43: 0.048938838 | K43: 0.018405166 | L43: NA | M43: 0.049430129 | N43: 0.054263299 | O43: 0.047858023 | P43: 0.013600578 | Q43: NA | R43: 0.11431037 | S43: 0.031029233 | T43: 0.044650814 | U43: 0.051459831 | V43: NA | W43: 0.068117344 | X43: 0.039805563 | Y43: 0.015393663
B44: GM% | H44: 0.40218011 | I44: 0.43561119 | J44: 0.44842784 | K44: 0.42904652 | L44: 0.42929449 | M44: 0.45323439 | N44: 0.43350306 | O44: 0.42691521 | P44: 0.43012175 | Q44: 0.43552873 | R44: 0.43868687 | S44: 0.43543467 | T44: 0.43040267 | U44: 0.44044766 | V44: 0.43622978 | W44: 0.453 | X44: 0.46873417 | Y44: 0.45242801
B46: Banking, Capital Markets and Diversified Industries | C46: 90309.704 | D46: 98131.621 | E46: 101625.72 | F46: 102500.93 | G46: =SUM(C46:F46) -> 392567.97 | H46: 107749.35 | I46: 106022.97 | J46: 100016.21 | K46: 98039.223 | L46: =SUM(H46:K46) -> 411827.75 | M46: 103253.07 | N46: 104572.7 | O46: 108299.74 | P46: 110590 | Q46: =ROUND(SUM(M46:P46),0) -> 426716 | R46: 117702 | S46: 121089 | T46: 120996 | U46: =V46-SUM(R46:T46) -> 122569 | V46: 482356 | W46: 127393 | X46: 133856 | Y46: 153482
B47: Y/Y revenue growth % | H47: =IFERROR(H46/C46-1,"") -> 0.19310934 | I47: =IFERROR(I46/D46-1,"") -> 0.080415916 | J47: =IFERROR(J46/E46-1,"") -> -0.015837637 | K47: =IFERROR(K46/F46-1,"") -> -0.043528413 | L47: =IFERROR(L46/G46-1,"") -> 0.049061 | M47: =IFERROR(M46/H46-1,"") -> -0.041729029 | N47: =IFERROR(N46/I46-1,"") -> -0.013678795 | O47: =IFERROR(O46/J46-1,"") -> 0.082821881 | ... Y47: =IFERROR(Y46/T46-1,"") -> 0.26848821
B48: Y/Y constant currency revenue growth % | H48: 0.19658648 | I48: 0.081878235 | J48: -0.016752873 | K48: -0.04475539 | L48: 0.049669153 | M48: -0.041982632 | N48: -0.013017502 | O48: 0.083350368 | P48: 0.12942717 | Q48: 0.036718197 | R48: 0.14273215 | S48: 0.158495 | T48: 0.11805002 | U48: 0.10822245 | V48: 0.13138708 | W48: 0.08121738 | X48: 0.1069918 | Y48: 0.27035629
B49: Sequential constant currency revenue growth % | H49: 0.049454481 | I49: -0.016123568 | J49: -0.056534291 | K49: -0.019419062 | L49: NA | M49: 0.052982656 | N49: 0.013454485 | O49: 0.035485531 | P49: 0.022192737 | Q49: NA | R49: 0.06505932 | S49: 0.0273241 | T49: -0.00019560962 | U49: 0.01300309 | V49: NA | W49: 0.039640299 | X49: 0.05142079 | Y49: 0.14696309
B50: GM% | H50: 0.39298844 | I50: 0.39422694 | J50: 0.36420986 | K50: 0.36124524 | L50: 0.37876139 | M50: 0.36088296 | N50: 0.37618045 | O50: 0.37246386 | P50: 0.37220264 | Q50: 0.37050471 | R50: 0.37341628 | S50: 0.37756526 | T50: 0.38311184 | U50: 0.38808081 | V50: 0.38061515 | W50: 0.369 | X50: 0.3481876 | Y50: 0.34394913
B52: International Growth Markets | C52: 46925.256 | D52: 49049.718 | E52: 52478.772 | F52: 54991.198 | G52: =SUM(C52:F52) -> 203444.94 | H52: 63910.053 | I52: 65541.704 | J52: 67699.705 | K52: 68893.417 | L52: =SUM(H52:K52) -> 266044.88 | M52: 74331 | N52: 79217.387 | O52: 86160 | P52: 84850 | Q52: =ROUNDDOWN(SUM(M52:P52),0) -> 324558 | R52: 85669 | S52: 91708 | T52: 92771 | U52: =V52-SUM(R52:T52) -> 92016 | V52: 362164 | W52: 97108 | X52: 105156 | Y52: 111585
B53: Y/Y revenue growth % | H53: =IFERROR(H52/C52-1,"") -> 0.36195428 | I53: =IFERROR(I52/D52-1,"") -> 0.33622998 | J53: =IFERROR(J52/E52-1,"") -> 0.29003981 | K53: =IFERROR(K52/F52-1,"") -> 0.25280808 | L53: =IFERROR(L52/G52-1,"") -> 0.30769964 | M53: =IFERROR(M52/H52-1,"") -> 0.16305646 | N53: =IFERROR(N52/I52-1,"") -> 0.2086562 | O53: =IFERROR(O52/J52-1,"") -> 0.27267911 | ... Y53: =IFERROR(Y52/T52-1,"") -> 0.20280044
B54: Y/Y constant currency revenue growth % | H54: 0.4441114 | I54: 0.35565564 | J54: 0.25681864 | K54: 0.2306351 | L54: 0.31677011 | M54: 0.15642299 | N54: 0.21141203 | O54: 0.25124898 | P54: 0.23420348 | Q54: 0.21424154 | R54: 0.16997951 | S54: 0.14965368 | T54: 0.083545415 | U54: 0.08100574 | V54: 0.11881239 | W54: 0.10934377 | X54: 0.16293859 | Y54: 0.21131489
B55: Sequential constant currency revenue growth % | H55: 0.14552472 | I55: 0.018769191 | J55: 0.034431283 | K55: 0.01983694 | L55: NA | M55: 0.075772035 | N55: 0.06897379 | O55: 0.067442825 | P55: 0.0063765136 | Q55: NA | R55: 0.019742377 | S55: 0.047350509 | T55: 0.017140382 | U55: -0.0051306515 | V55: NA | W55: 0.053972334 | X55: 0.088513192 | Y55: 0.062655501
B56: GM% | H56: 0.37470459 | I56: 0.34668551 | J56: 0.34991468 | K56: 0.33448642 | L56: 0.35107904 | M56: 0.35859708 | N56: 0.3405863 | O56: 0.35619175 | P56: 0.34799892 | Q56: 0.35079217 | R56: 0.36626253 | S56: 0.35132159 | T56: 0.35812916 | U56: 0.34298498 | V56: 0.35452447 | W56: 0.341 | X56: 0.35106889 | Y56: 0.36184075
B58: Total Revenue | C58: =C34+C40+C46+C52 -> 329207.75 | D58: =D34+D40+D46+D52 -> 346782.37 | E58: =E34+E40+E46+E52 -> 361351.26 | F58: =F34+F40+F46+F52 -> 374702.6 | G58: =G34+G40+G46+G52 -> 1412044 | H58: =H34+H40+H46+H52 -> 400643.06 | I58: =I34+I40+I46+I52 -> 404996.16 | J58: =J34+J40+J46+J52 -> 410970.91 | ... P58: =P34+P40+P46+P52 -> 481426 | Q58: =(Q34+Q40+Q46+Q52) -> 1838372 | R58: =R34+R40+R46+R52 -> 501019 | S58: =S34+S40+S46+S52 -> 514460 | T58: =T34+T40+T46+T52 -> 529585 | U58: =U34+U40+U46+U52 -> 542615 | V58: =V34+V40+V46+V52 -> 2087679 | W58: =W34+W40+W46+W52 -> 570351 | X58: =X34+X40+X46+X52 -> 594763 | Y58: =Y34+Y40+Y46+Y52 -> 633959
B60: (1) Effective January 1, 2025, the Company implemented operational and structural changes to accelerate the execution of its data and AI-led strategy and accordingly new reportable segments are as follows : Insurance, Healthcare and Life Sciences, Banking, Capital Markets and Diversified Industries and International Growth Markets.
B62: Revenue by Industry (2)
B63: Insurance | C63: 135663.65 | D63: 141866.48 | E63: 149333.29 | F63: 155956.04 | G63: =SUM(C63:F63) -> 582819.46 | H63: 163534.86 | I63: 164376.86 | J63: 170787 | K63: 174170.65 | L63: =SUM(H63:K63) -> 672869.37 | M63: 183058.76 | N63: 185660.16 | O63: 197044.8 | P63: 201547 | Q63: =ROUND(SUM(M63:P63),0) -> 767311 | R63: 200361.25 | S63: 203222 | T63: 211147 | U63: =V63-SUM(R63:T63) -> 215168.75 | V63: 829899 | W63: 226060 | X63: 233701 | Y63: 246402
B64: % of revenue | H64: =H63/H$84 -> 0.40818095 | I64: =I63/I$84 -> 0.40587314 | J64: =J63/J$84 -> 0.41556947 | K64: =K63/K$84 -> 0.42064313 | L64: =L63/L$84 -> 0.41263427 | M64: =M63/M$84 -> 0.41937198 | N64: =N63/N$84 -> 0.41408192 | O64: =O63/O$84 -> 0.4174033 | ... W64: =W63/W$84 -> 0.39635242 | X64: =IFERROR(X63/X$84,0) -> 0.3929313 | Y64: =IFERROR(Y63/Y$84,0) -> 0.38867182
B65: Y/Y revenue growth % | H65: =H63/C63-1 -> 0.20544348 | I65: =I63/D63-1 -> 0.15867302 | J65: =J63/E63-1 -> 0.14366328 | K65: =K63/F63-1 -> 0.11679323 | L65: =L63/G63-1 -> 0.15450739 | M65: =M63/H63-1 -> 0.11938678 | N65: =N63/I63-1 -> 0.1294787 | O65: =O63/J63-1 -> 0.15374587 | ... Y65: =Y63/T63-1 -> 0.16696898
B66: Y/Y constant currency revenue growth % | H66: 0.21720939 | I66: 0.1655426 | J66: 0.14429181 | K66: 0.11680167 | L66: 0.15908162 | M66: 0.12146785 | N66: 0.12940894 | O66: 0.14895202 | P66: 0.15807118 | Q66: 0.13985848 | R66: 0.09709577 | S66: 0.094758734 | T66: 0.073449 | U66: 0.067471636 | V66: 0.082676545 | W66: 0.12160418 | X66: 0.14859777 | Y66: 0.16495431
B67: Sequential revenue growth % | H67: =H63/F63-1 -> 0.048595886 | I67: =I63/H63-1 -> 0.0051487317 | J67: =J63/I63-1 -> 0.038996606 | K67: =K63/J63-1 -> 0.019812106 | L67: NA | M67: =M63/K63-1 -> 0.05103106 | N67: =N63/M63-1 -> 0.014210734 | O67: =O63/N63-1 -> 0.061319741 | P67: =P63/O63-1 -> 0.022848634 | Q67: NA | R67: =R63/P63-1 -> -0.0058832332 | S67: =S63/R63-1 -> 0.01427795 | T67: =T63/S63-1 -> 0.038996762 | U67: =U63/T63-1 -> 0.019047147 | V67: NA | W67: =W63/U63-1 -> 0.050617258 | X67: =X63/W63-1 -> 0.033800761 | Y67: =Y63/X63-1 -> 0.054347221
B68: Sequential constant currency revenue growth % | H68: 0.047044058 | I68: 0.0066028989 | J68: 0.039686567 | K68: 0.019387352 | L68: NA | M68: 0.051627817 | N68: 0.013641153 | O68: 0.057670542 | P68: 0.026904298 | Q68: NA | R68: -0.0041697425 | S68: 0.011210952 | T68: 0.039414743 | U68: 0.019253878 | V68: NA | W68: 0.048413242 | X68: 0.033988137 | Y68: 0.054530472
B70: Healthcare and Life Sciences | C70: 71907.491 | D70: 73920.661 | E70: 75509.196 | F70: 80453.716 | G70: =SUM(C70:F70) -> 301791.06 | H70: 86730.815 | I70: 90033.685 | J70: 94427 | K70: 96148.077 | L70: =SUM(H70:K70) -> 367339.58 | M70: 100900.14 | N70: 106438 | O70: 111496.05 | P70: 112956 | Q70: =SUM(M70:P70) -> 431790.19 | R70: 125826.29 | S70: 129737 | T70: 135503 | U70: =V70-SUM(R70:T70) -> 142475.71 | V70: 533542 | W70: 152115 | X70: 158257 | Y70: 160914
B71: % of revenue | H71: =+H70/H$84 -> 0.21647902 | I71: =+I70/I$84 -> 0.22230777 | J71: =+J70/J$84 -> 0.2297656 | K71: =+K70/K$84 -> 0.23220921 | L71: =+L70/L$84 -> 0.22526942 | M71: =+M70/M$84 -> 0.2311536 | N71: =+N70/N$84 -> 0.237391 | O71: =+O70/O$84 -> 0.23618396 | ... W71: =+W70/W$84 -> 0.26670419 | X71: =IFERROR(X70/X$84,0) -> 0.26608414 | Y71: =IFERROR(Y70/Y$84,0) -> 0.25382399
B72: Y/Y revenue growth % | H72: =H70/C70-1 -> 0.20614437 | I72: =I70/D70-1 -> 0.21797727 | J72: =J70/E70-1 -> 0.25053642 | K72: =K70/F70-1 -> 0.19507316 | L72: =L70/G70-1 -> 0.21719832 | M72: =M70/H70-1 -> 0.16337128 | N72: =N70/I70-1 -> 0.18220197 | O72: =O70/J70-1 -> 0.18076453 | ... Y72: =Y70/T70-1 -> 0.1875309
B73: Y/Y constant currency revenue growth % | H73: 0.20658735 | I73: 0.2182176 | J73: 0.2505162 | K73: 0.19505342 | L73: 0.21735242 | M73: 0.16333089 | N73: 0.18218907 | O73: 0.18071781 | P73: 0.17479742 | Q73: 0.17542365 | R73: 0.24705007 | S73: 0.21885583 | T73: 0.21529351 | U73: 0.26129612 | V73: 0.2356267 | W73: 0.20887065 | X73: 0.21984076 | Y73: 0.18754161
B74: Sequential revenue growth % | H74: =H70/F70-1 -> 0.078021242 | I74: =I70/H70-1 -> 0.038081847 | J74: =J70/I70-1 -> 0.048796349 | K74: =K70/J70-1 -> 0.018226539 | L74: NA | M74: =M70/K70-1 -> 0.049424415 | N74: =N70/M70-1 -> 0.054884563 | O74: =O70/N70-1 -> 0.047521117 | P74: =P70/O70-1 -> 0.013094162 | Q74: NA | R74: =R70/P70-1 -> 0.11394076 | S74: =S70/R70-1 -> 0.031080205 | T74: =T70/S70-1 -> 0.044443759 | U74: =U70/T70-1 -> 0.051457953 | V74: NA | W74: =W70/U70-1 -> 0.067655695 | X74: =X70/W70-1 -> 0.040377346 | Y74: =Y70/X70-1 -> 0.016789147
B75: Sequential constant currency revenue growth % | H75: 0.077978785 | I75: 0.038058579 | J75: 0.048807608 | K75: 0.018274539 | L75: NA | M75: 0.049411913 | N75: 0.054888301 | O75: 0.047477668 | P75: 0.013133109 | Q75: NA | R75: 0.11395147 | S75: 0.031036743 | T75: 0.044446285 | U75: 0.051456423 | V75: NA | W75: 0.067653973 | X75: 0.040372941 | Y75: 0.016793536
B77: Banking, Capital Markets, and Diversified Industries | C77: 121636.61 | D77: 130995.23 | E77: 136508.77 | F77: 138292.84 | G77: =SUM(C77:F77) -> 527433.45 | H77: 150377.38 | I77: 150585.12 | J77: 145757 | K77: 143739.26 | L77: =SUM(H77:K77) -> 590458.76 | M77: 152548 | N77: 156267.62 | O77: 163532.08 | P77: 166923 | Q77: =SUM(M77:P77) -> 639270.7 | R77: 174831.81 | S77: 181501 | T77: 182935 | U77: =V77-SUM(R77:T77) -> 184970.19 | V77: 724238 | W77: 192176 | X77: 202805 | Y77: 226643
B78: % of revenue | H78: =+H77/H$84 -> 0.37534004 | I78: =+I77/I$84 -> 0.37181909 | J78: =+J77/J$84 -> 0.35466493 | K78: =+K77/K$84 -> 0.34714766 | L78: =+L77/L$84 -> 0.36209631 | M78: =+M77/M$84 -> 0.34947443 | N78: =+N77/N$84 -> 0.34852709 | O78: =+O77/O$84 -> 0.34641275 | ... W78: =+W77/W$84 -> 0.33694339 | X78: =IFERROR(X77/X$84,0) -> 0.34098456 | Y78: =IFERROR(Y77/Y$84,0) -> 0.35750419
B79: Y/Y revenue growth % | H79: =H77/C77-1 -> 0.23628391 | I79: =I77/D77-1 -> 0.14954657 | J79: =J77/E77-1 -> 0.067748251 | K79: =K77/F77-1 -> 0.039383231 | L79: =L77/G77-1 -> 0.11949433 | M79: =M77/H77-1 -> 0.014434487 | N79: =N77/I77-1 -> 0.037736144 | O79: =O77/J77-1 -> 0.12195009 | ... Y79: =Y77/T77-1 -> 0.23892639
B80: Y/Y constant currency revenue growth % | H80: 0.25820657 | I80: 0.15045481 | J80: 0.053086437 | K80: 0.029283751 | L80: 0.1183329 | M80: 0.008988022 | N80: 0.039454667 | O80: 0.11774122 | P80: 0.16232968 | Q80: 0.080932987 | R80: 0.15348835 | S80: 0.15743114 | T80: 0.12065922 | U80: 0.1063802 | V80: 0.13375352 | W80: 0.093545352 | X80: 0.12831961 | Y80: 0.24703513
B81: Sequential revenue growth % | H81: =H77/F77-1 -> 0.087383673 | I81: =I77/H77-1 -> 0.0013814523 | J81: =J77/I77-1 -> -0.03206239 | K81: =K77/J77-1 -> -0.013843163 | L81: NA | M81: =M77/K77-1 -> 0.061282754 | N81: =N77/M77-1 -> 0.02438328 | O81: =O77/N77-1 -> 0.046487292 | P81: =P77/O77-1 -> 0.020735508 | Q81: NA | R81: =R77/P77-1 -> 0.047380002 | S81: =S77/R77-1 -> 0.038146307 | T81: =T77/S77-1 -> 0.0079007829 | U81: =U77/T77-1 -> 0.011125197 | V81: NA | W81: =W77/U77-1 -> 0.038956613 | X81: =X77/W77-1 -> 0.055308675 | Y81: =Y77/X77-1 -> 0.11754148
B82: Sequential constant currency revenue growth % | H82: 0.080978755 | I82: -0.0032853394 | J82: -0.032111996 | K82: -0.012054008 | L82: NA | M82: 0.058824271 | N82: 0.027129037 | O82: 0.040263124 | P82: 0.02807614 | Q82: NA | R82: 0.050997853 | S82: 0.029042947 | T82: 0.010739365 | U82: 0.012571563 | V82: NA | W82: 0.040990623 | X82: 0.058562346 | Y82: 0.11849246
B84: Total Revenue | C84: =C63+C70+C77 -> 329207.75 | D84: =D63+D70+D77 -> 346782.37 | E84: =E63+E70+E77 -> 361351.26 | F84: =F63+F70+F77 -> 374702.6 | G84: =G63+G70+G77 -> 1412044 | H84: =H63+H70+H77 -> 400643.06 | I84: =I63+I70+I77 -> 404995.66 | J84: =J63+J70+J77 -> 410971 | ... Y84: =Y63+Y70+Y77 -> 633959
B87: Revenue by Geography (3)
B88: North America | H88: 0.84089333 | I88: 0.83789222 | J88: 0.83471258 | K88: 0.83361045 | L88: 0.83674101 | M88: 0.82971264 | N88: 0.82331845 | O88: 0.8174874 | P88: 0.82375069 | Q88: 0.82345284 | R88: 0.82900899 | S88: 0.82187536 | T88: 0.82491951 | U88: 0.8303804 | V88: 0.8265696 | W88: 0.8295646 | X88: 0.82317326 | Y88: 0.82233709
B89: U.K. & Europe | H89: 0.1352627 | I89: 0.1369929 | J89: 0.1412758 | K89: 0.14255199 | L89: 0.13905875 | M89: 0.14505623 | N89: 0.14830295 | O89: 0.15136806 | P89: 0.14802104 | Q89: 0.14824509 | R89: 0.14447351 | S89: 0.1509058 | T89: 0.14913564 | U89: 0.14431309 | V89: 0.14719935 | W89: 0.14467933 | X89: 0.15031702 | Y89: 0.15024473
B90: Rest of world | H90: 0.023843972 | I90: 0.025114885 | J90: 0.024011624 | K90: 0.023837556 | L90: 0.024200243 | M90: 0.025231133 | N90: 0.028378601 | O90: 0.031144535 | P90: 0.02822827 | Q90: 0.028302072 | R90: 0.026517498 | S90: 0.027218831 | T90: 0.025944844 | U90: 0.025306515 | V90: 0.026231044 | W90: 0.025 | X90: 0.026509719 | Y90: 0.028
B93: (2) Revenue by Industry includes all services and solutions offered by EXL for each vertical listed.
B94: For example, Insurance will include revenue from Insurance segment and Insurance clients in International Growth Markets segment.
B95: (3) The Company attributes revenues based on geographical markets where the customer operations being served by it are located.

Sheet Non-GAAP
U1: Back
A4: Reconciliation of GAAP to Non-GAAP Measures | B4: 2022 | C4: 2022 | D4: 2022 | E4: 2022 | F4: 2022 | G4: 2023 | H4: 2023 | I4: 2023 | J4: 2023 | K4: 2023 | L4: 2024 | M4: 2024 | N4: 2024 | O4: 2024 | P4: 2024 | Q4: 2025 | R4: 2025 | S4: 2025 | T4: 2025 | U4: 2025 | V4: 2026 | W4: 2026 | X4: 2026
A5: ($ in thousands, except per share amount) | B5: Q1 | C5: Q2 | D5: Q3 | E5: Q4 | F5: FY | G5: Q1 | H5: Q2 | I5: Q3 | J5: Q4 | K5: FY | L5: Q1 | M5: Q2 | N5: Q3 | O5: Q4 | P5: FY | Q5: Q1 | R5: Q2 | S5: Q3 | T5: Q4 | U5: FY | V5: Q1 | W5: Q2 | X5: Q3
A9: Income from Operations | B9: ='Income Statement'!B29 -> 43975 | C9: ='Income Statement'!C29 -> 47081 | D9: ='Income Statement'!D29 -> 50111 | E9: ='Income Statement'!E29 -> 50995 | F9: ='Income Statement'!F29 -> 192162 | G9: ='Income Statement'!G29 -> 59448 | H9: ='Income Statement'!H29 -> 64811 | I9: ='Income Statement'!I29 -> 60230 | ... X9: ='Income Statement'!X29 -> 88856
A10: add: Amortization of acquisition-related intangibles | B10: 4486 | C10: 4146 | D10: 4243 | E10: =+F10-SUM(B10:D10) -> 4234 | F10: 17109 | G10: 4149 | H10: 4204 | I10: 3157 | J10: =+K10-SUM(G10:I10) -> 3168 | K10: 14678 | L10: 3080 | M10: 3077 | N10: 3449 | O10: =+P10-SUM(L10:N10) -> 4024 | P10: 13630 | Q10: 3246 | R10: 3277 | S10: 3310 | T10: =U10-SUM(Q10:S10) -> 3307 | U10: 13140 | V10: 3226 | W10: 3258 | X10: 6297
A11: add: Stock-based compensation expense | B11: 11224 | C11: 13340 | D11: 12186 | E11: =+F11-SUM(B11:D11) -> 12616 | F11: 49366 | G11: 14407 | H11: 11511 | I11: 17067 | J11: =+K11-SUM(G11:I11) -> 15452 | K11: 58437 | L11: 17852 | M11: 18095 | N11: 21232 | O11: =+P11-SUM(L11:N11) -> 15479 | P11: 72658 | Q11: 19187 | R11: 16392 | S11: 23139 | T11: =U11-SUM(Q11:S11) -> 20751 | U11: 79469 | V11: 22101 | W11: 24631 | X11: 25542
A12: add: Provision for litigation settlement | B12: 0 | C12: 217 | D12: 169 | E12: =+F12-SUM(B12:D12) -> 0 | F12: 386 | G12: 0 | H12: 0 | I12: 0 | J12: =+K12-SUM(G12:I12) -> 895 | K12: 895 | L12: 0 | M12: 1412 | N12: 0 | O12: =+P12-SUM(L12:N12) -> 0 | P12: 1412 | Q12: 0 | R12: 0 | S12: 0 | T12: =U12-SUM(Q12:S12) -> 0 | U12: 0 | V12: 0 | W12: 0 | X12: 0
A13: add: Acquisition-related expenses | B13: 134 | C13: 0 | D13: 0 | E13: =+F13-SUM(B13:D13) -> 0 | F13: 134 | G13: 0 | H13: 0 | I13: 0 | J13: =+K13-SUM(G13:I13) -> 0 | K13: 0 | L13: 0 | M13: 0 | N13: 0 | O13: =+P13-SUM(L13:N13) -> 0 | P13: 0 | Q13: 0 | R13: 0 | S13: 0 | T13: =U13-SUM(Q13:S13) -> 0 | U13: 0 | V13: 0 | W13: 1894 | X13: 1785
A14: add/(subtract): Other (benefits)/expense | B14: 0 | C14: 0 | D14: 0 | E14: =E38+E37 -> -560 | F14: =F38+F37 -> -560 | G14: =G38+G37 -> -89 | H14: =H38+H37 -> 578 | I14: =I38+I37 -> 1700 | J14: =+K14-SUM(G14:I14) -> -264 | K14: =K38+K37 -> 1925 | L14: =L38+L37 -> 0 | M14: =M38+M37 -> 0 | N14: =N38+N37 -> 0 | O14: =+P14-SUM(L14:N14) -> 0 | P14: =P38+P37 -> 0 | Q14: 0 | R14: 0 | S14: 0 | T14: =U14-SUM(Q14:S14) -> 0 | U14: 0 | V14: 0 | W14: 0 | X14: 0
A15: add: Impairment and restructuring costs | B15: 0 | C15: 0 | D15: 0 | E15: 0 | F15: 0 | G15: 0 | H15: 0 | I15: 0 | J15: 0 | K15: 0 | L15: 0 | M15: 4762 | N15: 0 | O15: =+P15-SUM(L15:N15) -> 0 | P15: 4762 | Q15: 0 | R15: 0 | S15: 0 | T15: =U15-SUM(Q15:S15) -> 0 | U15: 0 | V15: 0 | W15: 0 | X15: 0
A16: Adjusted Operating Income | B16: =SUM(B9:B15) -> 59819 | C16: =SUM(C9:C15) -> 64784 | D16: =SUM(D9:D15) -> 66709 | E16: =SUM(E9:E15) -> 67285 | F16: =SUM(F9:F15) -> 258597 | G16: =SUM(G9:G15) -> 77915 | H16: =SUM(H9:H15) -> 81104 | I16: =SUM(I9:I15) -> 82154 | ... X16: =SUM(X9:X15) -> 122480
A17: Adjusted Operating Income Margin | B17: =IF(B16/'Income Statement'!B8<0, "NM",B16/'Income Statement'!B8) -> 0.18170579 | C17: =IF(C16/'Income Statement'!C8<0, "NM",C16/'Income Statement'!C8) -> 0.18681477 | D17: =IF(D16/'Income Statement'!D8<0, "NM",D16/'Income Statement'!D8) -> 0.18460998 | E17: =IF(E16/'Income Statement'!E8<0, "NM",E16/'Income Statement'!E8) -> 0.17956889 | F17: =IF(F16/'Income Statement'!F8<0, "NM",F16/'Income Statement'!F8) -> 0.18313664 | G17: =IF(G16/'Income Statement'!G8<0, "NM",G16/'Income Statement'!G8) -> 0.19447488 | H17: =IF(H16/'Income Statement'!H8<0, "NM",H16/'Income Statement'!H8) -> 0.20025877 | I17: =IF(I16/'Income Statement'!I8<0, "NM",I16/'Income Statement'!I8) -> 0.19990218 | ... U17: =IF(U16/'Income Statement'!U8<0, "NM",U16/'Income Statement'!U8) -> 0.1946463 | V17: =IFERROR(IF(V16/'Income Statement'!V8<0, "NM",V16/'Income Statement'!V8),0) -> 0.20540509 | W17: =IFERROR(IF(W16/'Income Statement'!W8<0, "NM",W16/'Income Statement'!W8),0) -> 0.19684816 | X17: =IFERROR(IF(X16/'Income Statement'!X8<0, "NM",X16/'Income Statement'!X8),0) -> 0.19319861
A18: Sequential Growth (bps) | B18: 120 | C18: 50 | D18: -20 | E18: -50 | F18: NA | G18: =ROUNDDOWN((G17-E17)*10000,-1) -> 140 | H18: =ROUND((H17-G17)*10000,-1) -> 60 | I18: =ROUND((I17-H17)*10000,-1) -> 0 | J18: =ROUND((J17-I17)*10000,-1) -> -220 | K18: NA | L18: =ROUND((L17-J17)*10000,-1) -> 110 | M18: =ROUND((M17-L17)*10000,-1) -> 90 | N18: =ROUND((N17-M17)*10000,-1) -> 10 | O18: =ROUND((O17-N17)*10000,-1) -> -110 | P18: NA | Q18: =ROUNDUP((Q17-O17)*10000,-1) -> 130 | R18: =ROUNDUP((R17-Q17)*10000,-1) -> -60 | S18: =ROUNDUP((S17-R17)*10000,-1) -> -30 | T18: =ROUNDUP((T17-S17)*10000,-1) -> -60 | U18: NA | V18: =ROUND((V17-T17)*10000,-1) -> 170 | W18: =ROUNDDOWN((W17-V17)*10000,-1) -> -80 | X18: =ROUND((X17-W17)*10000,-1) -> -40
A19: Year-Over-Year Growth (bps) | B19: -200 | C19: 80 | D19: -90 | E19: 100 | F19: -30 | G19: =ROUNDDOWN((G17-B17)*10000,-1) -> 120 | H19: =ROUND((H17-C17)*10000,-1) -> 130 | I19: =ROUND((I17-D17)*10000,-1) -> 150 | J19: =ROUND((J17-E17)*10000,-1) -> -20 | K19: =ROUND((K17-F17)*10000,-1) -> 100 | L19: =ROUNDDOWN((L17-G17)*10000,-1) -> -50 | M19: =ROUND((M17-H17)*10000,-1) -> -20 | N19: =ROUND((N17-I17)*10000,-1) -> -10 | O19: =ROUNDDOWN((O17-J17)*10000,-1) -> 100 | P19: =ROUND((P17-K17)*10000,-1) -> 10 | Q19: =ROUND((Q17-L17)*10000,-1) -> 120 | R19: =ROUND((R17-M17)*10000,-1) -> -20 | S19: =ROUNDDOWN((S17-N17)*10000,-1) -> -50 | T19: =ROUNDDOWN((T17-O17)*10000,-1) -> 0 | U19: =ROUND((U17-P17)*10000,-1) -> 10 | V19: =ROUND((V17-Q17)*10000,-1) -> 40 | W19: =ROUND((W17-R17)*10000,-1) -> 10 | X19: =ROUND((X17-S17)*10000,-1) -> -10
A21: Adjusted Operating Income | B21: =B16 -> 59819 | C21: =C16 -> 64784 | D21: =D16 -> 66709 | E21: =E16 -> 67285 | F21: =F16 -> 258597 | G21: =G16 -> 77915 | H21: =H16 -> 81104 | I21: =I16 -> 82154 | ... X21: =X16 -> 122480
A22: add: Depreciation | B22: =-'Income Statement'!B24-B10 -> 9116 | C22: =-'Income Statement'!C24-C10 -> 9929 | D22: =-'Income Statement'!D24-D10 -> 10137 | E22: =+F22-SUM(B22:D22) -> 9991 | F22: =-'Income Statement'!F24-F10 -> 39173 | G22: =-'Income Statement'!G24-G10 -> 9338 | H22: =-'Income Statement'!H24-H10 -> 8918 | I22: =-'Income Statement'!I24-I10 -> 8426 | J22: =+K22-SUM(G22:I22) -> 9130 | K22: =-'Income Statement'!K24-K10 -> 35812 | L22: =-'Income Statement'!L24-L10 -> 9266 | M22: =-'Income Statement'!M24-M10 -> 9833 | N22: =-'Income Statement'!N24-N10 -> 10350 | O22: =-'Income Statement'!O24-O10 -> 12140 | P22: =-'Income Statement'!P24-P10 -> 41589 | Q22: =-'Income Statement'!Q24-Q10 -> 10311 | R22: =-'Income Statement'!R24-R10 -> 10778 | ... X22: =-'Income Statement'!X24-X10 -> 12568
A23: add/(subtract): Other (benefits)/expense | B23: 0 | C23: 0 | D23: 0 | E23: =+F23-SUM(B23:D23) -> -304 | F23: -304 | G23: -749 | H23: -629 | I23: =0 -> 0 | J23: =+K23-SUM(G23:I23) -> 0 | K23: -1378 | L23: 0 | M23: 0 | N23: 0 | O23: 0 | P23: 0 | Q23: =Q14 -> 0 | R23: =R14 -> 0 | S23: =S14 -> 0 | T23: =T14 -> 0 | U23: =U14 -> 0 | V23: =V14 -> 0 | W23: =W14 -> 0 | X23: =X14 -> 0
A24: Adjusted EBITDA | B24: =SUM(B21:B23) -> 68935 | C24: =SUM(C21:C23) -> 74713 | D24: =SUM(D21:D23) -> 76846 | E24: =SUM(E21:E23) -> 76972 | F24: =SUM(F21:F23) -> 297466 | G24: =SUM(G21:G23) -> 86504 | H24: =SUM(H21:H23) -> 89393 | I24: =SUM(I21:I23) -> 90580 | ... X24: =SUM(X21:X23) -> 135048
A25: Adjusted EBITDA Margin | B25: =IF(B24/'Income Statement'!B8<0, "NM",B24/'Income Statement'!B8) -> 0.20939649 | C25: =IF(C24/'Income Statement'!C8<0, "NM",C24/'Income Statement'!C8) -> 0.21544659 | D25: =IF(D24/'Income Statement'!D8<0, "NM",D24/'Income Statement'!D8) -> 0.21266303 | E25: =IF(E24/'Income Statement'!E8<0, "NM",E24/'Income Statement'!E8) -> 0.20542136 | F25: =IF(F24/'Income Statement'!F8<0, "NM",F24/'Income Statement'!F8) -> 0.21066341 | G25: =IF(G24/'Income Statement'!G8<0, "NM",G24/'Income Statement'!G8) -> 0.21591292 | H25: =IF(H24/'Income Statement'!H8<0, "NM",H24/'Income Statement'!H8) -> 0.22072564 | I25: =IF(I24/'Income Statement'!I8<0, "NM",I24/'Income Statement'!I8) -> 0.22040485 | ... U25: =IF(U24/'Income Statement'!U8<0, "NM",U24/'Income Statement'!U8) -> 0.21665352 | V25: =IFERROR(IF(V24/'Income Statement'!V8<0, "NM",V24/'Income Statement'!V8),0) -> 0.22430047 | W25: =IFERROR(IF(W24/'Income Statement'!W8<0, "NM",W24/'Income Statement'!W8),0) -> 0.21592466 | X25: =IFERROR(IF(X24/'Income Statement'!X8<0, "NM",X24/'Income Statement'!X8),0) -> 0.21302324
A26: Sequential Growth (bps) | B26: 70 | C26: 60 | D26: -20 | E26: -80 | F26: NA | G26: =ROUNDUP((G25-E25)*10000,-1) -> 110 | H26: =ROUND((H25-G25)*10000,-1) -> 50 | I26: =ROUNDUP((I25-H25)*10000,-1) -> -10 | J26: =ROUNDDOWN((J25-I25)*10000,-1) -> -200 | K26: NA | L26: =ROUNDDOWN((L25-J25)*10000,-1) -> 100 | M26: =ROUND((M25-L25)*10000,-1) -> 100 | N26: =ROUND((N25-M25)*10000,-1) -> 10 | O26: =ROUNDDOWN((O25-N25)*10000,-1) -> -70 | P26: NA | Q26: =ROUNDDOWN((Q25-O25)*10000,-1) -> 80 | R26: =ROUND((R25-Q25)*10000,-1) -> -50 | S26: =ROUND((S25-R25)*10000,-1) -> -10 | T26: =ROUND((T25-S25)*10000,-1) -> -40 | U26: NA | V26: =ROUNDDOWN((V25-T25)*10000,-1) -> 120 | W26: =ROUND((W25-V25)*10000,-1) -> -80 | X26: =ROUND((X25-W25)*10000,-1) -> -30
A27: Year-Over-Year Growth (bps) | B27: -260 | C27: 30 | D27: -130 | E27: 30 | F27: -70 | G27: =ROUND((G25-B25)*10000,-1) -> 70 | H27: =ROUNDUP((H25-C25)*10000,-1) -> 60 | I27: =ROUNDDOWN((I25-D25)*10000,-1) -> 70 | J27: =ROUNDDOWN((J25-E25)*10000,-1) -> -50 | K27: =ROUND((K25-F25)*10000,-1) -> 30 | L27: =ROUND((L25-G25)*10000,-1) -> -60 | M27: =ROUND((M25-H25)*10000,-1) -> -10 | N27: =ROUND((N25-I25)*10000,-1) -> 10 | O27: =ROUND((O25-J25)*10000,-1) -> 140 | P27: =ROUND((P25-K25)*10000,-1) -> 20 | Q27: =ROUND((Q25-L25)*10000,-1) -> 120 | R27: =ROUND((R25-M25)*10000,-1) -> -30 | ... T27: =ROUND((T25-O25)*10000,-1) -> -20 | U27: =ROUNDUP((U25-P25)*10000,-1) -> 10 | V27: =ROUND((V25-Q25)*10000,-1) -> 20 | W27: =ROUND((W25-R25)*10000,-1) -> -10 | X27: =ROUND((X25-S25)*10000,-1) -> -30
A29: Net Income | B29: ='Income Statement'!B43 -> 36178 | C29: ='Income Statement'!C43 -> 35846 | D29: ='Income Statement'!D43 -> 39095 | E29: ='Income Statement'!E43 -> 31849 | F29: ='Income Statement'!F43 -> 142968 | G29: ='Income Statement'!G43 -> 51331 | H29: ='Income Statement'!H43 -> 49068 | I29: ='Income Statement'!I43 -> 43876 | ... X29: ='Income Statement'!X43 -> 68771
A30: add: Stock-based compensation expense | B30: =B11 -> 11224 | C30: =C11 -> 13340 | D30: =D11 -> 12186 | E30: =+F30-SUM(B30:D30) -> 12616 | F30: =F11 -> 49366 | G30: =G11 -> 14407 | H30: =H11 -> 11511 | I30: =I11 -> 17067 | J30: =+ROUND(K30-SUM(G30:I30),0) -> 15452 | K30: =K11 -> 58437 | L30: =L11 -> 17852 | M30: =M11 -> 18095 | N30: =N11 -> 21232 | O30: =+ROUND(P30-SUM(L30:N30),0) -> 15479 | P30: =P11 -> 72658 | Q30: =Q11 -> 19187 | R30: =R11 -> 16392 | S30: =S11 -> 23139 | T30: =U30-SUM(Q30:S30) -> 20751 | U30: =U11 -> 79469 | V30: =V11 -> 22101 | W30: =W11 -> 24631 | X30: =X11 -> 25542
A31: add: Amortization of acquisition-related intangibles | B31: =B10 -> 4486 | C31: =C10 -> 4146 | D31: =D10 -> 4243 | E31: =+F31-SUM(B31:D31) -> 4234 | F31: =F10 -> 17109 | G31: =G10 -> 4149 | H31: =H10 -> 4204 | I31: =I10 -> 3157 | J31: =+ROUND(K31-SUM(G31:I31),0) -> 3168 | K31: =K10 -> 14678 | L31: =L10 -> 3080 | M31: =M10 -> 3077 | N31: =N10 -> 3449 | O31: =+ROUND(P31-SUM(L31:N31),0) -> 4024 | P31: =P10 -> 13630 | Q31: =Q10 -> 3246 | R31: =R10 -> 3277 | S31: =S10 -> 3310 | T31: =U31-SUM(Q31:S31) -> 3307 | U31: =U10 -> 13140 | V31: =V10 -> 3226 | W31: =W10 -> 3258 | X31: =X10 -> 6297
A32: add: Provision for litigation settlement | B32: 0 | C32: 580 | D32: 481 | E32: =+F32-SUM(B32:D32) -> 0 | F32: 1061 | G32: 0 | H32: 0 | I32: 0 | J32: =+ROUND(K32-SUM(G32:I32),0) -> 613 | K32: 613 | L32: 0 | M32: =M12 -> 1412 | N32: =N12 -> 0 | O32: =+ROUND(P32-SUM(L32:N32),0) -> 0 | P32: =P12 -> 1412 | Q32: =Q12 -> 0 | R32: =R12 -> 0 | S32: =S12 -> 0 | T32: =U32-SUM(Q32:S32) -> 0 | U32: =U12 -> 0 | V32: =V12 -> 0 | W32: =W12 -> 0 | X32: =X12 -> 0
A33: add: Acquisition-related expenses | B33: 134 | C33: 0 | D33: 0 | E33: =+F33-SUM(B33:D33) -> 0 | F33: =F13 -> 134 | G33: 0 | H33: 0 | I33: 0 | J33: =+ROUND(K33-SUM(G33:I33),0) -> 0 | K33: 0 | L33: 0 | M33: 0 | N33: 0 | O33: =+ROUND(P33-SUM(L33:N33),0) -> 0 | P33: 0 | Q33: 0 | R33: 0 | S33: 0 | T33: =U33-SUM(Q33:S33) -> 0 | U33: 0 | V33: 0 | W33: 1894 | X33: 1785
A35: add: Impairment and restructuring costs | B35: =B15 -> 0 | C35: =C15 -> 0 | D35: =D15 -> 0 | E35: =E15 -> 0 | F35: =F15 -> 0 | G35: =G15 -> 0 | H35: =H15 -> 0 | I35: =I15 -> 0 | ... S35: =S15 -> 0 | T35: =U35-SUM(Q35:S35) -> 0 | U35: 0 | V35: =V15 -> 0 | W35: =W15 -> 0 | X35: =X15 -> 0
A36: add: Amortization of prior service cost arising from change in India labor code | F36: 0 | K36: 0 | P36: 0 | Q36: 0 | R36: 0 | S36: 0 | T36: 0 | U36: 0 | V36: 521 | W36: 566 | X36: 575
A37: add/(subtract): Allowance/(reversal) for expected credit losses | B37: 0 | C37: 0 | D37: 0 | E37: 0 | F37: 0 | G37: 0 | H37: 0 | I37: 1700 | J37: =+ROUND(K37-SUM(G37:I37),0) -> -264 | K37: 1436 | L37: 0 | M37: 0 | N37: 0 | O37: =+ROUND(P37-SUM(L37:N37),0) -> 0 | P37: 0 | Q37: 0 | R37: 0 | S37: 0 | T37: =U37-SUM(Q37:S37) -> 0 | U37: 0 | V37: 0 | W37: 0 | X37: 0
A38: add/(subtract): Other (benefits)/expense | B38: 0 | C38: 0 | D38: 0 | E38: =+F38-SUM(B38:D38) -> -560 | F38: -560 | G38: -89 | H38: 578 | I38: 0 | J38: =+ROUND(K38-SUM(G38:I38),0) -> 0 | K38: 489 | L38: 0 | M38: 0 | N38: 0 | O38: =+ROUND(P38-SUM(L38:N38),0) -> 0 | P38: 0 | Q38: 0 | R38: 0 | S38: 0 | T38: =U38-SUM(Q38:S38) -> 0 | U38: 0 | V38: 0 | W38: 0 | X38: 0
A39: add/(subtract): Effects of changes in fair value of contingent consideration | B39: 0 | C39: 1000 | D39: 0 | E39: =+ROUND(F39-SUM(B39:D39),0) -> 7500 | F39: 8500 | G39: 0 | H39: 0 | I39: 2500 | J39: =+ROUND(K39-SUM(G39:I39),0) -> -600 | K39: 1900 | L39: -589 | M39: 0 | N39: 0 | O39: =+ROUND(P39-SUM(L39:N39),0) -> 0 | P39: -589 | Q39: 0 | R39: 0 | S39: 0 | T39: =U39-SUM(Q39:S39) -> 2300 | U39: 2300 | V39: 0 | W39: 3000 | X39: 0
A40: add/(subtract): Other tax expense/(benefits) | B40: 0 | C40: -92 | D40: -78 | E40: =+F40-SUM(B40:D40) -> -1079 | F40: -1249 | G40: 0 | H40: 0 | I40: 0 | J40: =+ROUND(K40-SUM(G40:I40),0) -> 219 | K40: 219 | L40: 151 | M40: -1588 | N40: 0 | O40: =+ROUND(P40-SUM(L40:N40),0) -> 3860 | P40: 2423 | Q40: 0 | R40: 0 | S40: 0 | T40: =U40-SUM(Q40:S40) -> 267 | U40: 267 | V40: 0 | W40: 0 | X40: 0
A42: subtract: Acquisition-related adjustments | B42: 0 | C42: 0 | D42: 0 | E42: 0 | F42: 0 | G42: 0 | H42: 0 | I42: 0 | J42: 0 | K42: 0 | L42: 0 | M42: 0 | N42: 0 | O42: 0 | P42: 0 | Q42: 0 | R42: -945 | S42: 0 | T42: =U42-SUM(Q42:S42) -> 0 | U42: -945 | V42: 0 | W42: 0 | X42: 0
A43: subtract: Tax impact on stock compensation expense | B43: -2806 | C43: -3216 | D43: -2833 | E43: =+F43-SUM(B43:D43) -> -930 | F43: -9785 | G43: -9830 | H43: -2789 | I43: -4340 | J43: =+ROUND(K43-SUM(G43:I43),0) -> -374 | K43: -17333 | L43: -5358 | M43: -4619 | N43: -5830 | O43: =+ROUND(P43-SUM(L43:N43),0) -> -1769 | P43: -17576 | Q43: -9105 | R43: -4211 | S43: -5786 | T43: =U43-SUM(Q43:S43) -> -5895 | U43: -24997 | V43: -1316 | W43: -6097 | X43: -6445
A44: subtract: Tax impact on amortization of acquisition-related intangibles | B44: -1052 | C44: -971 | D44: -994 | E44: =+ROUND(F44-SUM(B44:D44),0) -> -1134 | F44: -4151 | G44: -1023 | H44: -1036 | I44: -771 | J44: =+ROUND(K44-SUM(G44:I44),0) -> -792 | K44: -3622 | L44: -766 | M44: -765 | N44: -866 | O44: =+ROUND(P44-SUM(L44:N44),0) -> -921 | P44: -3318 | Q44: -799.29 | R44: -807 | S44: -814 | T44: =U44-SUM(Q44:S44) -> -892.2164 | U44: -3312.5064 | V44: -812 | W44: -821 | X44: -1605
A45: subtract: Tax impact on amortization of prior service cost arising from change in India labor code | F45: 0 | G45: 0 | H45: 0 | I45: 0 | J45: 0 | K45: 0 | L45: 0 | M45: 0 | N45: 0 | O45: 0 | P45: 0 | Q45: 0 | R45: 0 | S45: 0 | T45: 0 | U45: 0 | V45: -133 | W45: -144 | X45: -147
A46: subtract: Tax impact on acquisition related expense | F46: 0 | K46: 0 | L46: 0 | M46: 0 | N46: 0 | O46: 0 | P46: 0 | Q46: 0 | R46: 0 | S46: 0 | T46: 0 | U46: 0 | V46: 0 | W46: 0 | X46: -187
A47: add/(subtract): Tax impact on other (benefits)/expense | B47: 0 | C47: 0 | D47: 0 | E47: =+F47-SUM(B47:D47) -> 141 | F47: 141 | G47: 22 | H47: -145 | I47: 0 | J47: =+ROUND(K47-SUM(G47:I47),0) -> -1 | K47: -124 | L47: 0 | M47: 0 | N47: 0 | O47: =+ROUND(P47-SUM(L47:N47),0) -> 0 | P47: 0 | Q47: 0 | R47: 0 | S47: 0 | T47: =U47-SUM(Q47:S47) -> 0 | U47: 0 | V47: 0 | W47: 0 | X47: 0
A49: add/(subtract): Tax impact on allowance/(reversal) for expected credit losses | B49: 0 | C49: 0 | D49: 0 | E49: 0 | F49: 0 | G49: 0 | H49: 0 | I49: -429 | J49: =+ROUND(K49-SUM(G49:I49),0) -> 65 | K49: -364 | L49: 0 | M49: 0 | N49: 0 | O49: =+ROUND(P49-SUM(L49:N49),0) -> 0 | P49: 0 | Q49: 0 | R49: 0 | S49: 0 | T49: =U49-SUM(Q49:S49) -> 0 | U49: 0 | V49: 0 | W49: 0 | X49: 0
A50: subtract:Tax effects on changes in fair value of contingent consideration | B50: 0 | C50: 0 | D50: 0 | E50: 0 | F50: 0 | G50: 0 | H50: 0 | I50: 0 | J50: 0 | K50: 0 | L50: 0 | M50: 0 | N50: 0 | O50: 0 | P50: 0 | Q50: 0 | R50: 0 | S50: 0 | T50: =U50-SUM(Q50:S50) -> 0 | U50: 0 | V50: 0 | W50: 0 | X50: 0
A52: Adjusted Net Income | B52: =SUM(B29:B51) -> 48164 | C52: =SUM(C29:C51) -> 50633 | D52: =SUM(D29:D51) -> 52100 | E52: =SUM(E29:E51) -> 52637 | F52: =SUM(F29:F51) -> 203534 | G52: =SUM(G29:G51) -> 58967 | H52: =SUM(H29:H51) -> 61391 | I52: =SUM(I29:I51) -> 62760 | ... R52: =SUM(R29:R51) -> 79757 | S52: =ROUND(SUM(S29:S51),0) -> 78010 | T52: =ROUND(SUM(T29:T51),0) -> 80084 | U52: =ROUNDDOWN(SUM(U29:U51),0) -> 316940 | V52: =SUM(V29:V51) -> 90668 | W52: =SUM(W29:W51) -> 90798 | X52: =SUM(X29:X51) -> 94586
A53: Adjusted Net Income Margin | B53: =IF(B52/'Income Statement'!B8<0, "NM",B52/'Income Statement'!B8) -> 0.14630264 | C53: =IF(C52/'Income Statement'!C8<0, "NM",C52/'Income Statement'!C8) -> 0.14600815 | D53: =IF(D52/'Income Statement'!D8<0, "NM",D52/'Income Statement'!D8) -> 0.14418114 | E53: =IF(E52/'Income Statement'!E8<0, "NM",E52/'Income Statement'!E8) -> 0.14047659 | F53: =IF(F52/'Income Statement'!F8<0, "NM",F52/'Income Statement'!F8) -> 0.1441414 | G53: =IF(G52/'Income Statement'!G8<0, "NM",G52/'Income Statement'!G8) -> 0.14718091 | H53: =IF(H52/'Income Statement'!H8<0, "NM",H52/'Income Statement'!H8) -> 0.15158421 | I53: =IF(I52/'Income Statement'!I8<0, "NM",I52/'Income Statement'!I8) -> 0.15271151 | ... U53: =IF(U52/'Income Statement'!U8<0, "NM",U52/'Income Statement'!U8) -> 0.15181453 | V53: =IFERROR(IF(V52/'Income Statement'!V8<0, "NM",V52/'Income Statement'!V8),0) -> 0.15896878 | W53: =IFERROR(IF(W52/'Income Statement'!W8<0, "NM",W52/'Income Statement'!W8),0) -> 0.15266249 | X53: =IFERROR(IF(X52/'Income Statement'!X8<0, "NM",X52/'Income Statement'!X8),0) -> 0.14919892
A55: Adjusted Diluted Earnings Per Share | B55: =(B52/'Income Statement'!B52) -> 0.28419699 | C55: =(C52/'Income Statement'!C52) -> 0.29933256 | D55: =(D52/'Income Statement'!D52) -> 0.30848664 | E55: =(E52/'Income Statement'!E52) -> 0.31113567 | F55: =(F52/'Income Statement'!F52) -> 1.2031401 | G55: =(G52/'Income Statement'!G52) -> 0.34756597 | H55: =(H52/'Income Statement'!H52) -> 0.36446373 | I55: =(I52/'Income Statement'!I52) -> 0.37426649 | ... U55: =(U52/'Income Statement'!U52) -> 1.9506161 | V55: =IFERROR(V52/'Income Statement'!V52,0) -> 0.57785652 | W55: =IFERROR(W52/'Income Statement'!W52,0) -> 0.59410333 | X55: =IFERROR(X52/'Income Statement'!X52,0) -> 0.6199515
A56: Sequential Growth (%) | B56: 0.17355372 | C56: 0.056338028 | D56: 0.026666667 | E56: 0.012987013 | F56: NA | G56: 0.11538462 | H56: 0.045977011 | I56: =I55/H55-1 -> 0.026896401 | J56: =J55/I55-1 -> -0.07507396 | K56: NA | L56: =L55/J55-1 -> 0.093861998 | M56: =M55/L55-1 -> 0.066246775 | N56: =N55/M55-1 -> 0.077944637 | O56: =O55/N55-1 -> 0.0030174349 | P56: NA | Q56: =Q55/O55-1 -> 0.10100797 | R56: =R55/Q55-1 -> 0.010672735 | S56: =S55/R55-1 -> -0.0069102797 | T56: =T55/S55-1 -> 0.040744904 | U56: NA | V56: =V55/T55-1 -> 0.15099403 | W56: =W55/V55-1 -> 0.028115639 | X56: =X55/W55-1 -> 0.043507867
A57: Year-Over-Year Growth (%) | B57: 0.20338983 | C57: 0.31578947 | D57: 0.18461538 | E57: 0.2892562 | F57: 0.24637681 | G57: 0.22535211 | H57: 0.21333333 | I57: =I55/D55-1 -> 0.21323405 | J57: =J55/E55-1 -> 0.11259767 | K57: =K55/F55-1 -> 0.1906165 | L57: =L55/G55-1 -> 0.089464896 | M57: =M55/H55-1 -> 0.10778098 | N57: =N55/I55-1 -> 0.16285008 | O57: =O55/J55-1 -> 0.26102938 | P57: =P55/K55-1 -> 0.1542616 | ... X57: =X55/S55-1 -> 0.28515365

Sheet Other Metrics
V1: Back
C3: 2022 | D3: 2022 | E3: 2022 | F3: 2022 | G3: 2022 | H3: 2023 | I3: 2023 | J3: 2023 | K3: 2023 | L3: 2023 | M3: 2024 | N3: 2024 | O3: 2024 | P3: 2024 | Q3: 2024 | R3: 2025 | S3: 2025 | T3: 2025 | U3: 2025 | V3: 2025 | W3: 2026 | X3: 2026 | Y3: 2026
C4: Q1 | D4: Q2 | E4: Q3 | F4: Q4 | G4: FY | H4: Q1 | I4: Q2 | J4: Q3 | K4: Q4 | L4: FY | M4: Q1 | N4: Q2 | O4: Q3 | P4: Q4 | Q4: FY | R4: Q1 | S4: Q2 | T4: Q3 | U4: Q4 | V4: FY | W4: Q1 | X4: Q2 | Y4: Q3
B6: Headcount | C6: 39110 | D6: 40617 | E6: 43111 | F6: 45420 | G6: =F6 -> 45420 | H6: 47796 | I6: 48831 | J6: 50450 | K6: 53951 | L6: =K6 -> 53951 | M6: 55062 | N6: 55942 | O6: 57436 | P6: 59500 | Q6: =P6 -> 59500 | R6: 60652 | S6: 61100 | T6: 63636 | U6: 65351 | V6: 65351 | W6: 67427 | X6: 68413 | Y6: 74107
B8: Attrition | C8: 0.34057937 | D8: 0.37968019 | E8: 0.34208603 | F8: 0.24190979 | G8: 0.31554773 | H8: 0.255 | I8: 0.273 | J8: 0.26944651 | K8: 0.22695995 | L8: 0.2578144 | M8: 0.262 | N8: 0.29532131 | O8: 0.26998464 | P8: 0.2231052 | Q8: 0.26133397 | R8: 0.22395828 | S8: 0.26496787 | T8: 0.24338208 | U8: 0.2080877 | V8: 0.23565641 | W8: 0.23458008 | X8: 0.24732081 | Y8: 0.22336059
X9: \ | Y9: \
B10: Client Concentration
B11: Top - 1 | C11: 0.080545732 | D11: 0.073734765 | E11: 0.066654494 | F11: 0.067503965 | G11: 0.071857388 | H11: 0.070908438 | I11: 0.069615094 | J11: 0.078091668 | K11: 0.078855066 | L11: 0.074415383 | M11: 0.077857717 | N11: 0.078659448 | O11: 0.082 | P11: 0.086 | Q11: 0.081130226 | R11: 0.078 | S11: 0.081 | T11: 0.089 | U11: 0.087746006 | V11: 0.084293692 | W11: 0.086069923 | X11: 0.091331303 | Y11: 0.08495979
B12: Top - 3 | C12: 0.17278516 | D12: 0.16869183 | E12: 0.15346955 | F12: 0.15854228 | G12: 0.16305738 | H12: 0.15588143 | I12: 0.16250071 | J12: 0.16722046 | K12: 0.16818497 | L12: 0.16350724 | M12: 0.16489091 | N12: 0.17102237 | O12: 0.177 | P12: 0.177 | Q12: 0.17158243 | R12: 0.166 | S12: 0.183 | T12: 0.184 | U12: 0.18480845 | V12: 0.17810677 | W12: 0.18272543 | X12: 0.18808106 | Y12: 0.18441538
B13: Top - 5 | C13: 0.24162594 | D13: 0.2381042 | E13: 0.22274689 | F13: 0.22632746 | G13: 0.22868387 | H13: 0.22440771 | I13: 0.22723109 | J13: 0.23395963 | K13: 0.2319891 | L13: 0.22944132 | M13: 0.22821668 | N13: 0.22949197 | O13: 0.234 | P13: 0.231 | Q13: 0.23015883 | R13: 0.233 | S13: 0.235 | T13: 0.243 | U13: 0.24467544 | V13: 0.23880257 | W13: 0.24664313 | X13: 0.24293943 | Y13: 0.23528372
B14: Top - 10 | C14: 0.36236224 | D14: 0.36212131 | E14: 0.34187409 | F14: 0.33809181 | G14: 0.34901762 | H14: 0.34751782 | I14: 0.33796242 | J14: 0.34597983 | K14: 0.34527151 | L14: 0.34048364 | M14: 0.33295604 | N14: 0.33028521 | O14: 0.342 | P14: 0.339 | Q14: 0.33177253 | R14: 0.337 | S14: 0.335 | T14: 0.345 | U14: 0.3466121 | V14: 0.33952297 | W14: 0.3460866 | X14: 0.34132309 | Y14: 0.33316201
B16: Exchange Rates (average of month end exchange rates)
B17: Indian rupee / U.S. dollar | C17: 75.245833 | D17: 77.6775 | E17: 80.013333 | F17: 82.3075 | G17: 78.811042 | H17: 82.25 | I17: 82.195 | J17: 82.69 | K17: 83.284167 | L17: 82.604792 | M17: 83.118333 | N17: 83.423333 | O17: 83.791667 | P17: 84.724167 | Q17: 83.764375 | R17: 86.523333 | S17: 85.273333 | T17: 88.1925 | U17: 89.364167 | V17: 87.338333 | W17: 92.595833 | X17: 94.856667 | Y17: 95.4575
B18: Q/Q Appreciation / (Depreciation) | C18: -0.0061172643 | D18: =-(D17/C17-1) -> -0.032316297 | E18: =-(E17/D17-1) -> -0.030070913 | F18: =-(F17/E17-1) -> -0.028672305 | G18: NA | H18: =-(H17/F17-1) -> 0.00069859976 | I18: =-(I17/H17-1) -> 0.00066869301 | J18: =-(J17/I17-1) -> -0.0060222641 | K18: =-(K17/J17-1) -> -0.0071854718 | L18: NA | M18: =-(M17/K17-1) -> 0.0019911748 | N18: =-(N17/M17-1) -> -0.0036694672 | O18: =-(O17/N17-1) -> -0.0044152315 | P18: =-(P17/O17-1) -> -0.011128792 | Q18: NA | R18: =-(R17/P17-1) -> -0.021235578 | S18: =-(S17/R17-1) -> 0.01444697 | T18: =-(T17/S17-1) -> -0.034233054 | U18: =-(U17/T17-1) -> -0.013285332 | V18: NA | W18: =-(W17/U17-1) -> -0.036162892 | X18: =-(X17/W17-1) -> -0.024416145 | Y18: =-(Y17/X17-1) -> -0.0063341181
B19: Y/Y Appreciation / (Depreciation) | C19: -0.02832316 | D19: -0.054469558 | E19: -0.083029722 | F19: -0.1005393 | G19: -0.066795072 | H19: =-(H17/C17-1) -> -0.093083781 | I19: =-(I17/D17-1) -> -0.058157124 | J19: =-(J17/E17-1) -> -0.033452758 | K19: =-(K17/F17-1) -> -0.011866071 | L19: =-(L17/G17-1) -> -0.04813729 | M19: =-(M17/H17-1) -> -0.010557244 | N19: =-(N17/I17-1) -> -0.014944137 | O19: =-(O17/J17-1) -> -0.013322852 | ... Y19: =-(Y17/T17-1) -> -0.082376619
B21: U.S. dollar / U.K. pound sterling | C21: 1.3318 | D21: 1.2416667 | E21: 1.1624 | F21: 1.1877 | G21: 1.2308917 | H21: 1.2261 | I21: 1.2528667 | J21: 1.2577 | K21: 1.2513667 | L21: 1.2470083 | M21: 1.2652667 | N21: 1.2634667 | O21: 1.3126667 | P21: 1.2752 | Q21: 1.27915 | R21: 1.2643333 | S21: 1.3508 | T21: 1.3386 | U21: 1.3274 | V21: 1.3202833 | W21: 1.346 | X21: 1.3402667 | Y21: 1.3419333
B22: Q/Q (Appreciation) / Depreciation | C22: 0.013773697 | D22: =-(D21/C21-1) -> 0.06767783 | E22: =-(E21/D21-1) -> 0.063838926 | F22: =-(F21/E21-1) -> -0.021765313 | G22: NA | H22: =-(H21/F21-1) -> -0.032331397 | I22: =-(I21/H21-1) -> -0.021830737 | J22: =-(J21/I21-1) -> -0.0038578194 | K22: =-(K21/J21-1) -> 0.0050356471 | L22: NA | M22: =-(M21/K21-1) -> -0.011107855 | N22: =-(N21/M21-1) -> 0.001422625 | O22: =-(O21/N21-1) -> -0.038940481 | P22: =-(P21/O21-1) -> 0.028542407 | Q22: NA | R22: =-(R21/P21-1) -> 0.0085215391 | S22: =-(S21/R21-1) -> -0.068389138 | T22: =-(T21/S21-1) -> 0.0090316849 | U22: =-(U21/T21-1) -> 0.0083669505 | V22: NA | W22: =-(W21/U21-1) -> -0.014012355 | X22: =-(X21/W21-1) -> 0.0042595344 | Y22: =-(Y21/X21-1) -> -0.0012435336
B23: Y/Y (Appreciation) / Depreciation | C23: 0.035300367 | D23: 0.11210164 | E23: 0.15219294 | F23: 0.12048282 | G23: 0.10487659 | H23: =-(H21/C21-1) -> 0.079366271 | I23: =-(I21/D21-1) -> -0.0090201342 | J23: =-(J21/E21-1) -> -0.081985547 | K23: =-(K21/F21-1) -> -0.053605007 | L23: =-(L21/G21-1) -> -0.013093489 | M23: =-(M21/H21-1) -> -0.031944105 | N23: =-(N21/I21-1) -> -0.008460597 | O23: =-(O21/J21-1) -> -0.043704116 | ... Y23: =-(Y21/T21-1) -> -0.0024901639
B25: Philippine peso / U.S. dollar | C25: 51.32 | D25: 53.178333 | E25: 56.633333 | F25: 56.761667 | G25: 54.473333 | H25: 54.776667 | I25: 55.576667 | J25: 56.016667 | K25: 55.861667 | L25: 55.557917 | M25: 56.241667 | N25: 58.293333 | O25: 56.835333 | P25: 58.188333 | Q25: 57.389667 | R25: 57.856667 | S25: 55.971667 | T25: 57.882 | U25: 58.761667 | V25: 57.618 | W25: 59.091 | X25: 61.478333 | Y25: 62.048333
B26: Q/Q Appreciation / (Depreciation) | C26: -0.014202524 | D26: =-(D25/C25-1) -> -0.036210704 | E26: =-(E25/D25-1) -> -0.064970069 | F26: =-(F25/E25-1) -> -0.0022660388 | G26: NA | H26: =-(H25/F25-1) -> 0.034970784 | I26: =-(I25/H25-1) -> -0.014604759 | J26: =-(J25/I25-1) -> -0.0079169915 | K26: =-(K25/J25-1) -> 0.0027670336 | L26: NA | M26: =-(M25/K25-1) -> -0.0068025181 | N26: =-(N25/M25-1) -> -0.036479478 | O26: =-(O25/N25-1) -> 0.025011436 | P26: =-(P25/O25-1) -> -0.023805614 | Q26: NA | R26: =-(R25/P25-1) -> 0.0056998826 | S26: =-(S25/R25-1) -> 0.032580515 | T26: =-(T25/S25-1) -> -0.034130364 | U26: =-(U25/T25-1) -> -0.015197586 | V26: NA | W26: =-(W25/U25-1) -> -0.0056045608 | X26: =-(X25/W25-1) -> -0.040400963 | Y26: =-(Y25/X25-1) -> -0.0092715591
B27: Y/Y Appreciation / (Depreciation) | C27: -0.060622761 | D27: -0.10332307 | E27: -0.12718105 | F27: -0.12174251 | G27: -0.10365041 | H27: =-(H25/C25-1) -> -0.067355157 | I27: =-(I25/D25-1) -> -0.045099821 | J27: =-(J25/E25-1) -> 0.010888758 | K27: =-(K25/F25-1) -> 0.015855771 | L27: =-(L25/G25-1) -> -0.019910354 | M27: =-(M25/H25-1) -> -0.026744964 | N27: =-(N25/I25-1) -> -0.048881425 | O27: =-(O25/J25-1) -> -0.014614698 | ... Y27: =-(Y25/T25-1) -> -0.071979775
B29: South African rand / U.S. dollar | C29: 15.1533 | D29: 15.936367 | E29: 17.213467 | F29: 17.443733 | G29: 16.436717 | H29: 17.895767 | I29: 19.023667 | J29: 18.488167 | K29: 18.630333 | L29: 18.509483 | M29: 18.956267 | N29: 18.531867 | O29: 17.736 | P29: 18.1824 | Q29: 18.351633 | R29: 18.4852 | S29: 18.116333 | T29: 17.677467 | U29: 17.001533 | V29: 17.820133 | W29: 16.387233 | X29: 16.440133 | Y29: 16.3429
B30: Q/Q Appreciation / (Depreciation) | C30: 0.037468108 | D30: =-(D29/C29-1) -> -0.051676313 | E30: =-(E29/D29-1) -> -0.080137463 | F30: =-(F29/E29-1) -> -0.013377123 | G30: NA | H30: =-(H29/F29-1) -> -0.025913795 | I30: =-(I29/H29-1) -> -0.063026079 | J30: =-(J29/I29-1) -> 0.028149148 | K30: =-(K29/J29-1) -> -0.0076896033 | L30: NA | M30: =-(M29/K29-1) -> -0.017494767 | N30: =-(N29/M29-1) -> 0.022388375 | O30: =-(O29/N29-1) -> 0.042945845 | P30: =-(P29/O29-1) -> -0.025169147 | Q30: NA | R30: =-(R29/P29-1) -> -0.016653467 | S30: =-(S29/R29-1) -> 0.019954703 | T30: =-(T29/S29-1) -> 0.024224917 | U30: =-(U29/T29-1) -> 0.038237002 | V30: NA | W30: =-(W29/U29-1) -> 0.036132035 | X30: =-(X29/W29-1) -> -0.0032281227 | Y30: =-(Y29/X29-1) -> 0.0059143884
B31: Y/Y Appreciation / (Depreciation) | C31: -0.0089979913 | D31: -0.12616541 | E31: -0.16623456 | F31: -0.10801935 | G31: -0.10180062 | H31: =-(H29/C29-1) -> -0.18098148 | I31: =-(I29/D29-1) -> -0.19372672 | J31: =-(J29/E29-1) -> -0.074052486 | K31: =-(K29/F29-1) -> -0.068024429 | L31: =-(L29/G29-1) -> -0.12610588 | M31: =-(M29/H29-1) -> -0.059259825 | N31: =-(N29/I29-1) -> 0.025852009 | O31: =-(O29/J29-1) -> 0.040683681 | ... Y31: =-(Y29/T29-1) -> 0.075495358
